 Dungeon Crawl Stone Soup version 0.31.0-11-ge490571c62 (webtiles) character file.

Game seed: 17343932561971610724

393320 puppykicker the Wrestler (level 21, -16/213 HPs)
             Began as a Troll Fighter on Feb 4, 2024.
             Was a High Priest of Okawaru.
             Demolished by a rockslime (33 damage)
             ... created by the Royal Jelly
             ... in the Arena.
             The game lasted 02:02:42 (37138 turns).

puppykicker the Wrestler (Troll Fighter)           Turns: 37138, Time: 02:02:43

Health: -16/213    AC: 21    Str: 32    XL:     21   Next: 94%
Magic:  6/25       EV: 13    Int: 14    God:    Okawaru [*****.]
Gold:   3485       SH: 25    Dex: 11    Spells: 8/20 levels left

rFire   + +          .
                       - Unarmed
rCold   + + +        M - +0 tower shield of Vexation {Rampage ^Drain rCorr Slay+2}
rNeg    . . .        I - +6 swamp dragon scales
rPois   +            n - +1 hat of Dukkus {Fly rC+++ Regen+ Stlth-}
rElec   +            g - +2 cloak
rCorr   +            (gloves unavailable)
SInv    .            (boots unavailable)
Will    ++...        T - amulet of reflection
Stlth   ++           B - ring "Amaofiteoh" {rF+ Will+ Int+6}
HPRegen 2.15/turn    s - ring "Ekovoo" {rElec rF+ rC+ rCorr}
MPRegen 0.19/turn

%: reflection, rampage
@: heroic, corroded, duelling, flying, very slightly contaminated
A: large, unfitting armour, claws 3, regeneration 1, shaggy fur 1, tough skin 1
}: 2/15 runes: decaying, gossamer
a: Renounce Religion, Heroism, Finesse, Duel


You were in the Arena.
You worshipped Okawaru.
Okawaru was extremely pleased with you.
You visited 8 branches of the dungeon, and saw 40 of its levels.
You visited 1 bazaar.
You also visited: Sewer and Wizlab.

You collected 4167 gold pieces.
You spent 682 gold pieces at shops.

Inventory:

Missiles
 b - 2 silver javelins
 w - 14 curare-tipped darts
 A - a throwing net
 U - 28 large rocks (quivered)
 Y - 16 javelins
Armour
 g - a +2 cloak (worn)
 n - the +1 hat of Dukkus (worn) {Fly rC+++ Regen+ Stlth-}
   (You found it on level 5 of the Dungeon)

   rC+++:     It renders you almost immune to cold.
   Fly:       It grants you flight.
   Regen+:    It increases your rate of health regeneration.
   Stlth-:    It makes you less stealthy.
 C - +0 ice dragon scales
 I - +6 swamp dragon scales (worn)
 M - the +0 tower shield of Vexation (worn) {Rampage ^Drain rCorr Slay+2}
   (Okawaru gifted it to you on level 15 of the Dungeon)

   Slay+2:    It affects your accuracy & damage with ranged weapons and melee
   (+2).
   rCorr:     It protects you from acid and corrosion.
   ^Drain:    It drains your maximum health when unequipped.
   Rampage:   It bestows one free step when moving towards enemies.
Jewellery
 s - the ring "Ekovoo" (right claw) {rElec rF+ rC+ rCorr}
   (You acquired it on level 4 of the Lair of Beasts)

   [ring of protection from fire]

   rF+:       It protects you from fire.
   rC+:       It protects you from cold.
   rElec:     It insulates you from electricity.
   rCorr:     It protects you from acid and corrosion.
 B - the ring "Amaofiteoh" (left claw) {rF+ Will+ Int+6}
   (You acquired it on level 11 of the Dungeon)

   [ring of intelligence]

   Int+6:     It affects your intelligence (+6).
   rF+:       It protects you from fire.
   Will+:     It increases your willpower.
 J - a +4 ring of protection
 T - an amulet of reflection (around neck)
 Z - a +5 ring of evasion
Wands
 a - a wand of roots (30)
 m - a wand of paralysis (20)
 r - a wand of flame (40)
 D - a wand of digging (21)
 G - a wand of mindburst (11)
 K - a wand of polymorph (25)
 L - a wand of acid (33)
Scrolls
 e - 2 scrolls of fear
 f - 6 scrolls of fog
 p - 6 scrolls of poison {!r}
 t - 12 scrolls of teleportation
 z - 2 scrolls of silence
 X - 3 scrolls of torment {!r}
Potions
 c - 7 potions of might
 d - 2 potions of berserk rage {!q}
 k - 7 potions of brilliance
 l - 4 potions of attraction {!q}
 q - 7 potions of curing
 v - 5 potions of invisibility
 x - 3 potions of resistance
 H - 2 potions of haste
 O - 6 potions of magic
 P - 7 potions of ambrosia
 Q - a potion of enlightenment
 R - 11 potions of lignification {!q}
 V - 5 potions of mutation {!q}
Miscellaneous
 h - a condenser vane
 y - a lightning rod (4/4)
 F - a phial of floods


   Skills:
 + Level 13.9(18.9) Fighting
 - Level 2.0(7.0) Ranged Weapons
 * Level 19.0(24.0) Throwing
 + Level 13.6(18.6) Armour
 - Level 8.0(13.0) Dodging
 - Level 2.0(7.0) Stealth
 + Level 14.8(19.8) Shields
 - Level 22.0(27) Unarmed Combat
 - Level 7.0 Invocations
 - Level 6.0 Evocations


You had 8 spell levels left.
You knew the following spells:

 Your Spells              Type           Power      Damage    Failure   Level
g - Apportation           Tloc           0%         N/A       47%         1
m - Swiftness             Air            0%         N/A       85%         3
p - Blink                 Tloc           0%         N/A       63%         2
v - Vampiric Draining     Necr           0%         2d6       85%         3
x - Mephitic Cloud        Conj/Alch/Air  0%         N/A       85%         3

Your spell library contained the following spells:

 Spells                   Type           Power      Damage    Failure   Level
 Magic Dart               Conj           0%         1d3       47%         1
 Necrotise                Necr           0%         1d4       47%         1
 Sting                    Conj/Alch      0%         1d3       47%         1
 Ensorcelled Hibernation  Hex/Ice        0%         N/A       63%         2
 Jinxbite                 Hex            0%         N/A       63%         2
 Lesser Beckoning         Tloc           0%         N/A       63%         2
 Mercury Vapours          Alch/Air       0%         N/A       63%         2
 Dazzling Flash           Conj/Hex       0%         N/A       85%         3
 Fugue of the Fallen      Necr           0%         N/A       85%         3
 Gell's Gravitas          Tloc           0%         N/A       85%         3
 Hailstorm                Conj/Ice       0%         3d5       85%         3
 Inner Flame              Hex/Fire       0%         N/A       85%         3
 Ozocubu's Armour         Ice            0%         N/A       85%         3
 Passwall                 Erth           0%         N/A       85%         3
 Teleport Other           Tloc           0%         N/A       85%         3
 Anguish                  Hex/Necr       0%         N/A       99%         4
 Flame Wave               Conj/Fire      0%         2d4       99%         4
 Olgreb's Toxic Radiance  Alch           0%         N/A       99%         4
 Sticky Flame             Fire/Alch      0%         2d4       99%         4
 Alistair's Intoxication  Alch           0%         N/A       100%        5
 Borgnjor's Vile Clutch   Necr/Erth      0%         N/A       100%        5
 Curse of Agony           Necr           0%         N/A       100%        5
 Irradiate                Conj/Alch      0%         3d11      100%        5
 Lee's Rapid Deconstruct  Erth           0%         3d4*      100%        5
 Metabolic Englaciation   Hex/Ice        0%         N/A       100%        5
 Silence                  Hex/Air        0%         N/A       100%        5
 Yara's Violent Unravell  Hex/Alch       0%         3d3       100%        5
 Dispersal                Tloc           0%         N/A       100%        6
 Eringya's Noxious Bog    Alch           0%         4d6       100%        6
 Enfeeble                 Hex            0%         N/A       100%        7
 Orb of Destruction       Conj           0%         9d5       100%        7
 Borgnjor's Revivificati  Necr           0%         N/A       100%        8
 Ignition                 Fire           0%         3d3       100%        8
 Death's Door             Necr           0%         N/A       100%        9
 Summon Small Mammal      Summ           Unusable   N/A       N/A         1
 Call Imp                 Summ           Unusable   N/A       N/A         2
 Summon Ice Beast         Ice/Summ       Unusable   N/A       N/A         3
 Animate Armour           Summ/Erth      Unusable   N/A       N/A         4
 Martyr's Knell           Necr/Summ      Unusable   N/A       N/A         4
 Summon Blazeheart Golem  Fire/Summ      Unusable   N/A       N/A         4
 Summon Lightning Spire   Summ/Air       Unusable   N/A       N/A         4
 Summon Forest            Summ/Tloc      Unusable   N/A       N/A         5
 Sculpt Simulacrum        Ice/Alch       Unusable   N/A       N/A         6
 Haunt                    Necr/Summ      Unusable   N/A       N/A         7
 Malign Gateway           Summ/Tloc      Unusable   N/A       N/A         7
 Spellforged Servitor     Conj/Summ      Unusable   N/A       N/A         7
 Summon Hydra             Summ           Unusable   N/A       N/A         7
 Summon Horrible Things   Summ           Unusable   N/A       N/A         8

Dungeon Overview and Level Annotations

Branches:
Dungeon (15/15)            Temple (1/1) D:5            Lair (5/5) D:11
  Swamp (4/4) Lair:3       Spider (4/4) Lair:3        Slime (5/5) Lair:4
    Orc (2/2) D:11            Elf (0/3) Orc:2        Vaults (4/5) D:14
  Crypt (0/3) Vaults:2     Depths (0/4) D:15          Sewer (visited)
 WizLab (visited)

Altars:
Ashenzari
Cheibriados
Dithmenos
Elyvilon
Fedhas
Gozag
Hepliaklqana
Kikubaaqudgha
Makhleb
Nemelex Xobeh
Okawaru
Qazlal
Ru
Sif Muna
Trog
Uskayaw
Vehumet
Wu Jian
Xom
Yredelemnul
Zin
The Shining One
Jiyva

Shops:
D:6 *   D:8 *   Orc:2 ([(

Annotations:
Vaults:4 2 transporters, Bobbunny's ghost, veteran FoFi
Vaults:5 !ambush


Innate Abilities, Weirdness & Mutations

You are too large for most types of armour.
You have claws for hands.
Your natural rate of healing is unusually fast.
You are covered in fur. (AC +1)
You have tough skin. (AC +1)


Message History

Okay, then.
Unknown command.
Casting: Apportation (safe; 47% risk of failure)
Confirm with . or Enter, or press ? or * to list all spells.
Okay, then.
Unknown command.
Casting: Apportation (safe; 47% risk of failure)
Confirm with . or Enter, or press ? or * to list all spells.
You miscast Blink.
You are very lightly contaminated with residual magic.
Nothing appears to happen.
* * * LOW MAGIC WARNING * * *
You block the rockslime's attack.
You block the quicksilver ooze's attack. x2
The rockslime hits you!!
* * * LOW HITPOINT WARNING * * *
You hold your ground!
You block the rockslime's attack.
The rockslime hits you but does no damage.
The azure jelly barely misses you. The azure jelly misses you.
The azure jelly closely misses you.
The azure jelly hits you but does no damage.
The quicksilver ooze hits you!
* * * LOW HITPOINT WARNING * * *
The quicksilver ooze hits you but does no damage.
You take 40 damage, and have 11/213 hp.
You now have 6/25 mp.
Unknown command.
Okay, then.
Unknown command.
Okay, then.
Unknown command.
You feel much better. You block the azure jelly's attack. x2
The azure jelly closely misses you. You block the azure jelly's attack.
The acid blob hits you!
* * * LOW HITPOINT WARNING * * *
You are splashed with acid.
You resist.
* * * LOW HITPOINT WARNING * * *
The azure jelly closely misses you. You block the azure jelly's attack.
The azure jelly misses you. The azure jelly closely misses you.
The rockslime hits you!!
You die...

###########
##..p▓p▓p..##
##▓▓▓▓▓▓▓▓▓▓▓##
#.▓.........▓.#
#.▓.#.....#.▓.#
#p▓....JJJ..▓p#
#▓▓...JJJJ..▓▓#
#p▓...J@JJJ..∩#
#▓▓...JJJJ..▓▓#
#p▓....JJJ..▓p#
#.▓.#.....#.▓.#
#.▓.........▓.#
##▓▓▓▓▓▓▓▓▓▓▓##
##..p▓p▓p..##
###########


You could see an acid blob, 5 azure jellies, 4 rockslimes and 8 quicksilver
oozes.

Levels and vault maps discovered:
D:1:      erik_arrival_triangle_small, layout_loops_ring
D:2:      cheibrodos_old_hovel, layout_rooms, uniq_sigmund
D:3:      layout_loops_ring, nzn_wu_jian_contemplation, gup_sewer_entry_pipe,
          minivault_14, uniq_crazy_yiuf_cottage
D:4:      layout_loops_ring, mainiacjoe_overflow_catwalk, uniq_natasha,
          uniq_grinder
D:5:      layout_rooms, grunt_temple_overflow_order_and_chaos_1,
          nicolae_hepliaklqana_monster_ancestors, nicolae_sif_muna_condensation,
          minmay_temple_entry_overgrown, dk_vineyard_3
D:6:      layout_basic, overflow_temple_1_default, mainiacjoe_overflow_alcove_1,
          serial_shops, shop, minmay_misc_feat_ornament, minmay_misc_feat_tiny,
          minmay_misc_feat_encased, uniq_duvessa
D:7:      layout_basic, fedhas_altar_4, mainiacjoe_overflow_boulevard
D:8:      layout_basic, vehumet_crystals, serial_shops, nicolae_stop_n_shop_1,
          serial_bayou_pond_d, uniq_joseph, uniq_jeremiah, uniq_amaemon,
          uniq_erica
D:9:      layout_roguey, mainiacjoe_overflow_cross_hatched,
          kennysheep_little_box, serial_ice, serial_ice_l, serial_ice_c,
          serial_ice_h, serial_ice_d, serial_ice_e, serial_ice_f, serial_ice_g
D:10:     layout_roguey, okawaru_metal_pillars_1_2,
          hangedman_abyss_or_decor_slice
D:11:     minmay_cornered_nines, layout_rooms, david_lair_shrubbed,
          minmay_orc_entry_temple_large, hex_tiny
D:12:     nicolae_moon_pools, layout_stronghold, uniq_maurice
D:13:     layout_roguey
D:14:     layout_roguey, lightli_vaults_fourway_checkpoint, nicolae_the_louvre,
          gammafunk_ghost_icy, dk_noncrumbling_4, uniq_kirke
D:15:     gammafunk_enter_depths_forms, layout_loops_ring, uniq_josephine,
          uniq_louise
Temple:   nicolae_temple_superstar
Lair:1:   layout_hall_layers, ldierk_geyser, uniq_gastronok
Lair:2:   layout_misc_corridors
Lair:3:   layout_gridlike, swamp_mist, nicolae_spider_entry_orb_guardian,
          infiniplex_staircase_pool
Lair:4:   layout_regular_city, nicolae_slime_entry_slimehenge, minivault_11,
          minivault_25, minivault_23, lemuel_fruit_tree
Lair:5:   minmay_lair_end_frog_pond, layout_small_grid
Swamp:1:  layout_falls_marsh, hangedman_swamp_ruin_wall
Swamp:2:  layout_basic_swamp, nicolae_swamp_big_swirl, swamp_pool_4
Swamp:3:  cheibrodos_swamp_heart_of_darkness, layout_basic_swamp,
          evilmike_swamp_ruin_wall, nicolae_swamp_hydra_murder_den
Swamp:4:  grunt_swamp_rune_castle, layout_basic_swamp, swamp_pool_1_2,
          hangedman_swamp_pad, uniq_mlioglotl
Spider:1: layout_spider_delve, ebering_ghost_xom, drop_trap
Spider:2: layout_spider_delve, uniq_donald
Spider:3: spider_temple_joshua, nicolae_crawler_farm
Spider:4: spider_rune_water, uniq_mara
Slime:1:  layout_caves, nicolae_slime_phagocytosis
Slime:2:  layout_caves, nicolae_slime_welcoming_committee
Slime:3:  layout_caves
Slime:4:  layout_caves
Slime:5:  slime_pit_nicolae_royal_road_to_ruin
Orc:1:    layout_diamond_mine, uniq_harold
Orc:2:    st_orc_town, layout_caves, ebering_ghost_disaster_area,
          minmay_orc_temple_b
Vaults:1: infiniplex_enter_wizlab_glasses, nicolae_vaults_little_squares_6,
          nicolae_vaults_tetromino_L_1, vaults_dpeg_hooks, grunt_vaults_twisty,
          ontoclasm_vaults_idyll, nicolae_vaults_variable_pillar_hall,
          v_misc_26, nicolae_vaults_surprise_closet, layout_vaults_omnigrid,
          serial_shops, bzr_entry_water
Vaults:2: gammafunk_ghost_grave, nicolae_vaults_ninety_degrees,
          nicolae_vaults_storage_closets_1, minmay_crypt_entry_skeletal_spiral,
          nicolae_vaults_mitosis, st_more_cells, v_misc_1, minmay_orc_keep,
          ontoclasm_vaults_twist, ontoclasm_vaults_chip, serial_ice_g,
          layout_vaults_omnicross, uniq_boris
Vaults:3: v_misc_14, nicolae_vaults_door_testing_chamber,
          ontoclasm_vaults_shout, nicolae_vaults_house_3,
          nicolae_vaults_weapon_check, hangedman_vaults_slither,
          vaults_room_fours, v_misc_15, nicolae_vaults_tetromino_T_1,
          ontoclasm_vaults_claustrophobia, nicolae_vaults_closet_pinwheel_6,
          ontoclasm_vaults_shuriken, grunt_vaults_swirl,
          layout_vaults_maze_snakey
Vaults:4: gammafunk_ghost_arena, vaults_mumra_minichess, ontoclasm_vaults_fault,
          v_misc_25, v_alt_pattern_3, v_misc_22,
          nicolae_vaults_little_squares_1, nicolae_vaults_holding_cells,
          nicolae_vaults_heart-shaped_vault, layout_vaults_chaotic_city
Arena

Notes
Turn   | Place    | Note
-------+----------+-------------------------------------------
     0 | D:1      | puppykicker the Troll Fighter began the quest for the Orb.
     0 | D:1      | Reached XP level 1. HP: 22/22 MP: 0/0
    27 | D:1      | Identified a +0 dagger
    93 | D:1      | Identified a +2 cloak
   221 | D:1      | Identified a +0 spear
   228 | D:1      | Reached skill level 3 in Unarmed Combat
   228 | D:1      | Reached XP level 2. HP: 25/29 MP: 1/1
   375 | D:1      | Identified a +0 club
   456 | D:1      | Identified a +0 leather armour
   479 | D:1      | Identified a +0 short sword
   689 | D:2      | Reached XP level 3. HP: 36/36 MP: 2/2
   747 | D:2      | Identified a +0 scythe
   747 | D:2      | Identified a +0 robe
   747 | D:2      | Noticed Sigmund
   776 | D:2      | Killed Sigmund
   777 | D:2      | Reached skill level 5 in Unarmed Combat
   777 | D:2      | Reached XP level 4. HP: 35/44 MP: 3/3
   777 | D:2      | Reached XP level 5. HP: 40/50 MP: 4/4
   795 | D:2      | Identified a ring of positive energy
   893 | D:2      | Identified a +0 hand axe
   900 | D:2      | Identified a +0 halberd
   901 | D:2      | Identified a +0 spear
   903 | D:2      | Identified a +0 spear
   908 | D:2      | Reached skill level 6 in Unarmed Combat
   962 | D:2      | Identified a +0 short sword
   978 | D:2      | Identified a +6 ring of dexterity
  1039 | D:2      | Identified a +0 club
  1041 | D:2      | Identified a +0 chain mail
  1061 | D:2      | Identified a +0 dagger of draining
  1065 | D:2      | Identified a ring of magical power
  1076 | D:2      | Identified a +0 club
  1195 | D:3      | Identified a +0 ring mail
  1319 | D:3      | Identified a ring of resist corrosion
  1326 | D:3      | You fall into a shaft and drop 2 floors!
  1326 | D:5      | Entered Level 5 of the Dungeon
  1337 | D:5      | Identified a +0 leather armour
  1390 | D:4      | Noticed Natasha
  1390 | D:4      | Identified a +0 dagger
  1437 | D:4      | Reached XP level 6. HP: 59/59 MP: 5/5
  1490 | D:3      | Identified a +0 robe
  1580 | D:3      | Found a glowing drain.
  1591 | Sewer    | Entered a sewer
  1635 | Sewer    | Identified a +0 short sword
  1682 | Sewer    | Reached skill level 7 in Unarmed Combat
  1720 | Sewer    | Identified a +0 dagger
  1722 | Sewer    | Identified a +0 dagger
  1789 | Sewer    | Identified a +0 short sword
  1804 | Sewer    | Reached XP level 7. HP: 66/66 MP: 6/6
  1834 | Sewer    | Identified a +0 short sword
  1845 | Sewer    | Reached skill level 8 in Unarmed Combat
  2263 | D:3      | Identified a +0 chain mail
  2277 | D:3      | Identified a +0 robe
  2412 | D:3      | Found an ornate altar of the Wu Jian Council.
  2445 | D:3      | Found a runed translucent door.
  2446 | D:3      | Identified a +2 quarterstaff of chaos
  2446 | D:3      | Identified a +0 cloak
  2446 | D:3      | Noticed Crazy Yiuf
  2593 | D:3      | Killed Crazy Yiuf
  2639 | D:4      | Reached skill level 9 in Unarmed Combat
  2699 | D:4      | Identified a +0 battleaxe
  2699 | D:4      | Identified a +0 robe
  2699 | D:4      | Identified a +3 long sword
  2699 | D:4      | Identified a +0 robe
  2699 | D:4      | Identified a +3 hand axe
  2699 | D:4      | Identified a +0 robe
  2721 | D:4      | Reached XP level 8. HP: 74/74 MP: 7/7
  2835 | D:4      | Identified a +0 battleaxe
  2835 | D:4      | Identified a +0 robe
  2837 | D:4      | Identified a +0 spear
  2837 | D:4      | Identified a +0 robe
  2843 | D:4      | Identified a +0 dagger
  2843 | D:4      | Identified a +0 leather armour
  2848 | D:4      | Reached skill level 10 in Unarmed Combat
  2895 | D:4      | Found a sparkling altar of Nemelex Xobeh.
  3046 | D:4      | Killed Natasha
  3053 | D:4      | Identified a +0 whip
  3173 | D:4      | Noticed Grinder
  3186 | D:4      | Killed Grinder
  3202 | D:4      | Identified a +0 ring mail
  3254 | D:5      | Identified a ring of fire
  3259 | D:5      | Identified a +0 whip
  3278 | D:5      | Found a staircase to the Ecumenical Temple.
  3287 | Temple   | Entered the Ecumenical Temple
  3291 | D:5      | Identified a +1 war axe of venom
  3338 | D:5      | Reached skill level 1 in Armour
  3338 | D:5      | Reached skill level 3 in Shields
  3361 | D:5      | Reached skill level 11 in Unarmed Combat
  3451 | D:5      | Reached XP level 9. HP: 80/80 MP: 8/8
  3454 | D:5      | Reached skill level 3 in Fighting
  3454 | D:5      | Reached skill level 3 in Dodging
  3454 | D:5      | Reached skill level 1 in Stealth
  3487 | D:5      | Found a shimmering blue altar of Sif Muna.
  3540 | D:5      | Identified a +0 dagger
  3640 | D:5      | Identified a +1 whip of holy wrath
  3640 | D:5      | Identified a +0 robe
  3640 | D:5      | Noticed an angel
  3642 | D:5      | Found a glowing silver altar of Zin.
  3642 | D:5      | Found a shimmering altar of Xom.
  3651 | D:5      | Identified the +1 hat of Dukkus {Fly rC+++ Regen+ Stlth-}
  3689 | D:5      | Identified a +0 ring mail
  3757 | D:5      | Found a hazy altar of Hepliaklqana.
  3757 | D:5      | Identified a +0 dagger
  3757 | D:5      | Identified a +0 chain mail
  3797 | D:5      | Identified a +0 quarterstaff
  3865 | D:6      | Identified a +0 flail
  3865 | D:6      | Identified a +2 leather armour of positive energy
  3910 | D:6      | Identified a +4 ring of protection
  3936 | D:6      | Found Lyick's Assorted Antiques.
  3954 | D:6      | Bought a sedimented inky potion for 26 gold pieces
  3954 | D:6      | Bought a scroll labelled ZEACU XEUW for 29 gold pieces
  3954 | D:6      | Bought a scroll labelled AQEONAKHLERAN for 29 gold pieces
  3954 | D:6      | Bought a scroll labelled NEIT LENWAL for 29 gold pieces
  3954 | D:6      | Bought a viscous white potion for 26 gold pieces
  3954 | D:6      | Bought a fluorescent wand for 116 gold pieces
  3979 | D:6      | Identified an amulet of magic regeneration
  4076 | D:6      | Identified a +0 dire flail
  4076 | D:6      | Identified a +0 chain mail
  4076 | D:6      | Identified a +0 dagger
  4076 | D:6      | Identified a +0 robe
  4076 | D:6      | Identified a +0 war axe
  4076 | D:6      | Identified a +0 leather armour
  4252 | D:6      | Reached skill level 2 in Armour
  4307 | D:6      | Identified a +0 leather armour
  4331 | D:6      | Identified a +0 rapier
  4366 | D:6      | Found a shadowy altar of Dithmenos.
  4373 | D:6      | Found an ancient bone altar of Kikubaaqudgha.
  4606 | D:6      | Identified a +1 short sword of draining
  4606 | D:6      | Identified a +0 ring mail
  4606 | D:6      | Noticed Duvessa
  4607 | D:6      | Identified a +0 dagger
  4607 | D:6      | Identified a +0 robe
  4607 | D:6      | Noticed Dowan
  4611 | D:6      | Killed Duvessa
  4613 | D:6      | Killed Dowan
  4622 | D:6      | Identified the +6 mace of Wondrous Power {protect, rPois
                  | Str+3}
  4741 | D:7      | Identified a +0 helmet
  4761 | D:7      | Identified a +3 falchion of protection
  4806 | D:7      | Identified an amulet of guardian spirit
  4872 | D:7      | Identified a ring of wizardry
  4922 | D:7      | Identified a +0 flail
  4922 | D:7      | Identified a +0 robe
  4923 | D:7      | Identified a +3 great sword
  4923 | D:7      | Identified a +0 robe
  4923 | D:7      | Identified a +0 spear
  4923 | D:7      | Identified a +0 robe
  4950 | D:7      | Reached skill level 4 in Shields
  4958 | D:7      | Identified a +1 scimitar
  4958 | D:7      | Identified a +0 robe
  4980 | D:7      | Found a white marble altar of Elyvilon.
  4994 | D:7      | Identified a +0 tower shield
  5160 | D:7      | Identified a +0 falchion
  5160 | D:7      | Identified a +0 dagger
  5161 | D:7      | Identified a +0 dagger
  5175 | D:7      | Reached skill level 2 in Stealth
  5266 | D:7      | Identified a +0 club
  5272 | D:7      | Identified a +0 leather armour
  5297 | D:7      | Identified a +0 ring mail
  5433 | D:7      | Found a blossoming altar of Fedhas.
  5469 | D:8      | Identified a +0 quarterstaff
  5469 | D:8      | Identified a +0 sling
  5469 | D:8      | Identified a +0 leather armour
  5469 | D:8      | Noticed Joseph
  5480 | D:8      | Killed Joseph
  5481 | D:8      | Reached skill level 4 in Fighting
  5481 | D:8      | Reached skill level 3 in Armour
  5481 | D:8      | Reached XP level 10. HP: 65/92 MP: 9/9
  5514 | D:8      | Reached skill level 4 in Dodging
  5514 | D:8      | Reached skill level 12 in Unarmed Combat
  5562 | D:8      | Identified a +2 vampiric trident
  5562 | D:8      | Identified a +0 robe
  5562 | D:8      | Identified an orb of guile
  5562 | D:8      | Noticed Jeremiah
  5615 | D:8      | Killed Jeremiah
  5642 | D:8      | Found a radiant altar of Vehumet.
  5676 | D:8      | Identified a +0 scimitar of flaming
  5676 | D:8      | Identified an amulet of reflection
  5676 | D:8      | Noticed Erica
  5691 | D:8      | Killed Erica
  5692 | D:8      | Reached skill level 1 in Ranged Weapons
  5715 | D:8      | Identified a +0 rapier
  5745 | D:8      | Found Azig Zufiap's Assorted Antiques.
  5753 | D:8      | Bought a scroll labelled CESEXZA CEFFA for 29 gold pieces
  5753 | D:8      | Bought a scroll labelled NEIT LENWAL for 29 gold pieces
  5753 | D:8      | Bought a scroll labelled NEIT LENWAL for 29 gold pieces
  5753 | D:8      | Bought a fizzy white potion for 26 gold pieces
  5753 | D:8      | Identified 12 scrolls of teleportation
  5754 | D:8      | Identified 6 scrolls of identify
  5754 | D:8      | Identified 3 scrolls of revelation
  5755 | D:8      | Identified 2 scrolls of noise
  5756 | D:8      | Identified 4 scrolls of enchant weapon
  5757 | D:8      | Identified 2 scrolls of immolation
  5758 | D:8      | Identified 3 scrolls of poison
  5759 | D:8      | Identified 2 scrolls of silence
  5952 | D:8      | Identified a +0 giant club
  5952 | D:8      | Identified a +0 giant spiked club
  5952 | D:8      | Noticed a two-headed ogre
  5959 | D:8      | Killed a two-headed ogre
  5969 | D:8      | Identified a +0 orcbow
  5977 | D:8      | Reached skill level 5 in Shields
  6006 | D:8      | Identified a +3 dagger
  6086 | D:8      | Identified a +1 demon whip of venom
  6086 | D:8      | Noticed Amaemon
  6086 | D:8      | Noticed an orange demon
  6118 | D:8      | Killed Amaemon
  6126 | D:8      | Killed an orange demon
  6260 | D:8      | Identified a +0 club
  6386 | D:9      | Identified the +6 hand axe "Troll's Foe" {flame, Dex+4}
  6467 | D:9      | Reached skill level 4 in Armour
  6535 | D:9      | Identified a +0 dagger
  6535 | D:9      | Identified a +0 short sword
  6535 | D:9      | Identified a +0 orcbow
  6541 | D:9      | Identified a +0 whip
  6543 | D:9      | Identified a +0 whip
  6545 | D:9      | Identified a +0 whip
  6567 | D:9      | Reached skill level 2 in Ranged Weapons
  6586 | D:9      | Reached XP level 11. HP: 91/101 MP: 10/10
  6739 | D:9      | Reached skill level 5 in Fighting
  6753 | D:9      | Identified a +0 orcbow
  6967 | D:9      | Identified a +0 giant club
  6967 | D:9      | Identified a +0 giant club
  6967 | D:9      | Noticed a two-headed ogre
  6995 | D:9      | Identified +0 steam dragon scales
  7031 | D:9      | Killed a two-headed ogre
  7032 | D:9      | Reached skill level 5 in Dodging
  7032 | D:9      | Reached skill level 13 in Unarmed Combat
  7070 | D:9      | Found an opulent altar of Gozag.
  7197 | D:9      | Found a basalt altar of Yredelemnul.
  7228 | D:9      | Identified a +0 leather armour
  7281 | D:10     | Entered Level 10 of the Dungeon
  7357 | D:10     | Found an iron altar of Okawaru.
  7380 | D:10     | Reached skill level 6 in Shields
  7405 | D:10     | Identified 2 scrolls of fog
  7413 | D:10     | Became a worshipper of Warmaster Okawaru
  7492 | D:10     | Identified a +0 shortbow
  7556 | D:10     | Identified a +0 dire flail
  7556 | D:10     | Identified a +0 giant club
  7556 | D:10     | Noticed a two-headed ogre
  7563 | D:10     | Killed a two-headed ogre
  7564 | D:10     | Reached skill level 5 in Armour
  7778 | D:10     | Identified a +0 spear
  7778 | D:10     | Identified a +0 scale mail
  7778 | D:10     | Identified a +0 buckler
  7778 | D:10     | Identified a +0 club
  7778 | D:10     | Identified a +0 spear
  7778 | D:10     | Identified a +0 spear
  7778 | D:10     | Identified a +0 flail
  7873 | D:10     | Identified a +0 dagger
  7873 | D:10     | Identified a +0 robe
  7878 | D:10     | Reached * piety under Okawaru
  8042 | D:11     | Identified +0 acid dragon scales
  8053 | D:11     | Identified a +0 troll leather armour
  8154 | D:11     | Reached skill level 6 in Fighting
  8165 | D:11     | Reached skill level 1 in Invocations
  8176 | D:11     | Identified a scroll of fear
  8177 | D:11     | Identified 2 scrolls of brand weapon
  8178 | D:11     | Identified a scroll of butterflies
  8180 | D:11     | Acquired the ring "Amaofiteoh" {rF+ Will+ Int+6}
  8211 | D:11     | Reached ** piety under Okawaru
  8212 | D:11     | Reached skill level 1 in Evocations
  8234 | D:11     | Found a staircase to the Orcish Mines.
  8247 | D:11     | Identified an orb of light
  8265 | D:11     | Identified a +0 flail
  8265 | D:11     | Identified a +0 ring mail
  8265 | D:11     | Identified a +0 club
  8265 | D:11     | Identified a +0 leather armour
  8265 | D:11     | Identified a +0 flail
  8265 | D:11     | Identified a +0 chain mail
  8265 | D:11     | Identified a +0 dagger
  8265 | D:11     | Identified a +0 robe of willpower
  8265 | D:11     | Identified a +2 short sword of venom
  8265 | D:11     | Identified a +0 mace
  8265 | D:11     | Identified a +0 scale mail
  8265 | D:11     | Identified a +0 flail
  8265 | D:11     | Identified a +0 leather armour
  8265 | D:11     | Identified a +0 short sword
  8265 | D:11     | Identified a +0 trident
  8265 | D:11     | Identified a +0 scale mail of positive energy
  8270 | D:11     | Identified a +0 short sword
  8270 | D:11     | Identified a +0 halberd
  8270 | D:11     | Identified a +0 chain mail
  8270 | D:11     | Identified a +0 mace
  8274 | D:11     | Identified a +0 short sword
  8274 | D:11     | Identified a +0 ring mail
  8274 | D:11     | Identified a +0 dagger
  8278 | D:11     | Identified a +0 flail of holy wrath
  8278 | D:11     | Identified a +0 scale mail
  8279 | D:11     | Identified a +0 dagger
  8281 | D:11     | Identified a +0 dagger
  8297 | D:11     | Reached skill level 14 in Unarmed Combat
  8297 | D:11     | Reached XP level 12. HP: 105/114 MP: 12/12
  8333 | D:11     | Identified a +0 leather armour
  8513 | D:11     | Learned a level 2 spell: Blink
  8517 | D:11     | Learned a level 3 spell: Mephitic Cloud
  8521 | D:11     | Learned a level 3 spell: Swiftness
  8525 | D:11     | Learned a level 3 spell: Vampiric Draining
  8542 | D:11     | Identified a +0 leather armour
  8622 | D:11     | Reached *** piety under Okawaru
  8624 | D:11     | Found a staircase to the Lair.
  8724 | D:11     | Identified a +0 shortbow
  8724 | D:11     | Noticed a centaur warrior
  8726 | D:11     | Killed a centaur warrior
  8739 | D:11     | Identified 2 scrolls of torment
  8749 | D:11     | Identified a +0 shortbow
  8749 | D:11     | Noticed a centaur warrior
  8751 | D:11     | Noticed a boulder beetle
  8753 | D:11     | Killed a centaur warrior
  8754 | D:11     | Reached skill level 1 in Throwing
  8754 | D:11     | Reached skill level 2 in Invocations
  8762 | D:11     | Noticed an entropy weaver
  8764 | D:11     | an entropy weaver changed into a naga
  8768 | D:11     | Killed a boulder beetle
  8792 | D:11     | Identified a +0 leather armour
  8878 | D:12     | Identified a +0 troll leather armour
  8889 | D:12     | Reached skill level 7 in Shields
  8940 | D:12     | Identified a +0 robe
  8948 | D:12     | Identified a +0 short sword
  8948 | D:12     | Identified a +2 cloak
  8948 | D:12     | Noticed Maurice
  8950 | D:12     | Maurice changed into Maurice the centaur
  8950 | D:12     | Noticed Maurice
  8957 | D:12     | Killed Maurice the centaur
  8966 | D:12     | Reached skill level 2 in Evocations
  8979 | D:12     | Reached **** piety under Okawaru
  9060 | D:12     | Identified +0 acid dragon scales
  9074 | D:12     | Identified a +5 ring of evasion
  9137 | D:12     | Noticed a boulder beetle
  9176 | D:12     | Reached skill level 2 in Throwing
  9191 | D:12     | Reached skill level 6 in Armour
  9204 | D:12     | Killed a boulder beetle
  9323 | D:12     | Reached skill level 3 in Invocations
  9383 | D:12     | Identified a +0 orcbow
  9474 | D:12     | Reached ***** piety under Okawaru
  9474 | D:12     | Identified a +0 troll leather armour
  9865 | D:13     | Noticed a boulder beetle
  9878 | D:13     | Killed a boulder beetle
  9887 | D:13     | Identified 2 scrolls of vulnerability
  9912 | D:13     | Identified a +0 orcbow
  9912 | D:13     | Identified a +0 orcbow
  9912 | D:13     | Identified a +0 shortbow
  9914 | D:13     | Identified a +0 shortbow
  9923 | D:13     | Identified a +2 orcbow of draining
  9926 | D:13     | Reached skill level 3 in Throwing
  9974 | D:13     | Identified a +0 leather armour
  9985 | D:13     | Identified a +0 orcbow
  9985 | D:13     | Noticed a centaur warrior
  9985 | D:13     | Identified a +0 orcbow
  9985 | D:13     | Identified a +0 shortbow
  9999 | D:13     | Killed a centaur warrior
 10016 | D:13     | Identified a +0 arbalest
 10079 | D:13     | Received a gift from Okawaru
 10153 | D:13     | Noticed a boulder beetle
 10170 | D:13     | Killed a boulder beetle
 10171 | D:13     | Reached skill level 7 in Fighting
 10171 | D:13     | Reached XP level 13. HP: 124/124 MP: 14/14
 10183 | D:13     | Identified a ring of protection from cold
 10218 | D:13     | Reached skill level 3 in Evocations
 10424 | D:14     | Found a gate to the Vaults.
 10424 | D:14     | Identified a +0 dire flail
 10424 | D:14     | Identified a +0 chain mail
 10424 | D:14     | Identified a +2 long sword
 10424 | D:14     | Identified a +0 chain mail
 10424 | D:14     | Identified a +0 dire flail
 10424 | D:14     | Identified a +0 chain mail
 10424 | D:14     | Identified a +1 battleaxe
 10424 | D:14     | Identified a +0 plate armour
 10424 | D:14     | Identified a +0 dagger
 10433 | D:14     | Reached skill level 15 in Unarmed Combat
 10447 | D:14     | Identified +0 acid dragon scales
 10467 | D:14     | Reached skill level 4 in Invocations
 10478 | D:14     | Received a gift from Okawaru
 10552 | D:14     | Identified 3 scrolls of blinking
 10579 | D:14     | Identified 2 scrolls of enchant armour
 10579 | D:14     | Identified 3 scrolls of amnesia
 10581 | D:14     | Identified 4 potions of brilliance
 10593 | D:14     | Found a runed translucent gate.
 10593 | D:14     | Found a runed translucent gate.
 10593 | D:14     | Found a runed translucent gate.
 10631 | D:14     | Identified a +0 mace
 10664 | D:14     | Noticed Kirke
 10681 | D:14     | Noticed a sphinx
 10892 | D:14     | Reached skill level 4 in Throwing
 11304 | D:13     | Killed Kirke
 11305 | D:13     | Reached skill level 8 in Shields
 11470 | D:14     | Identified a +0 mace
 11591 | D:14     | Identified a +0 orcbow
 11598 | D:14     | Received a gift from Okawaru
 11763 | D:14     | Noticed Qunti's ghost (journeyman DsBe)
 11793 | D:14     | Reached skill level 7 in Armour
 11810 | D:14     | Identified +0 ice dragon scales
 11845 | D:14     | Killed Qunti's ghost
 11895 | D:14     | Identified a +0 leather armour
 11897 | D:14     | Got the ring of the Thistle {Fire ^Drain Str+3 Int+3}
 11936 | D:15     | Entered Level 15 of the Dungeon
 12069 | D:15     | Identified a +4 scimitar of flaming
 12107 | D:15     | Reached skill level 4 in Evocations
 12130 | D:15     | Identified a +0 shortbow
 12130 | D:15     | Identified a +0 shortbow
 12130 | D:15     | Identified a +0 orcbow
 12208 | D:15     | Identified a +0 dagger
 12208 | D:15     | Identified a +0 robe
 12208 | D:15     | Noticed Josephine
 12215 | D:15     | HP: 15/97 [Josephine/ghostly fireball (25)]
 12219 | D:15     | Killed Josephine
 12219 | D:15     | Reached ****** piety under Okawaru
 12219 | D:15     | Received a gift from Okawaru
 12226 | D:15     | Identified a +0 long sword
 12235 | D:15     | Reached skill level 5 in Invocations
 12265 | D:15     | Identified 7 potions of curing
 12292 | D:15     | Reached XP level 14. HP: 101/122 MP: 16/16
 12360 | D:15     | Reached skill level 5 in Throwing
 12369 | D:15     | Identified a +0 buckler
 12375 | D:15     | Identified a +0 long sword
 12377 | D:15     | Received a gift from Okawaru
 12413 | D:15     | Identified a +0 scimitar
 12416 | D:15     | Identified a +0 short sword
 12418 | D:15     | Identified a +0 trident
 12431 | D:15     | Reached skill level 8 in Fighting
 12431 | D:15     | Reached skill level 16 in Unarmed Combat
 12536 | D:15     | Found a staircase to the Depths.
 12536 | D:15     | Noticed a green very ugly thing
 12536 | D:15     | Noticed a purple very ugly thing
 12763 | D:15     | Noticed an entropy weaver
 12772 | D:15     | Killed a green very ugly thing
 12844 | D:15     | Killed a cyan very ugly thing
 12849 | D:15     | Acquired a +1 hand cannon of freezing
 12849 | D:15     | Received a gift from Okawaru
 12855 | D:15     | Acquired the +0 tower shield of Vexation {Rampage ^Drain
                  | rCorr Slay+2}
 12855 | D:15     | Received a gift from Okawaru
 12880 | D:15     | Identified a +0 demon trident of flaming
 12880 | D:15     | Identified a +3 chain mail of willpower
 12880 | D:15     | Identified a +0 tower shield
 12880 | D:15     | Noticed Louise
 12881 | D:15     | Identified 3 potions of degeneration
 12884 | D:15     | Identified 2 potions of cancellation
 12885 | D:15     | Identified 2 potions of enlightenment
 12891 | D:15     | Killed Louise
 12903 | D:15     | Identified a +0 cloak
 12987 | D:15     | Identified a +0 pair of gloves
 13035 | D:15     | Identified a +0 ring mail
 13040 | D:15     | Identified a +0 shortbow
 13048 | D:15     | Identified a +0 trident
 13275 | Orc:1    | Entered Level 1 of the Orcish Mines
 13279 | Orc:1    | Identified a +0 hand axe
 13279 | Orc:1    | Identified a +1 plate armour of positive energy
 13279 | Orc:1    | Identified a +0 morningstar
 13281 | Orc:1    | Identified a +0 whip
 13281 | Orc:1    | Identified a +0 chain mail
 13315 | Orc:1    | Identified a +0 giant spiked club
 13339 | Orc:1    | Identified a +0 arbalest
 13341 | Orc:1    | You are sucked into a shaft and drop 1 floor!
 13341 | Orc:2    | Entered Level 2 of the Orcish Mines
 13345 | Orc:2    | Found a staircase to the Elven Halls.
 13424 | Orc:1    | Identified a +0 dagger
 13424 | Orc:1    | Identified a +0 robe
 13424 | Orc:1    | Identified a +0 broad axe
 13424 | Orc:1    | Identified a +0 arbalest
 13424 | Orc:1    | Identified a +0 chain mail
 13424 | Orc:1    | Identified a +0 giant spiked club
 13424 | Orc:1    | Identified a +0 giant club
 13424 | Orc:1    | Identified a +0 dagger
 13424 | Orc:1    | Identified a +0 robe
 13424 | Orc:1    | Identified a +0 short sword
 13424 | Orc:1    | Identified a +0 plate armour
 13425 | Orc:1    | Identified a +0 hand axe
 13426 | Orc:1    | Identified a +0 halberd
 13426 | Orc:1    | Identified a +0 chain mail
 13525 | Orc:2    | Identified a +0 dagger
 13525 | Orc:2    | Identified a +2 robe of resistance
 13525 | Orc:2    | Identified a +0 arbalest
 13532 | Orc:2    | Identified a +0 short sword
 13532 | Orc:2    | Identified a +0 arbalest
 13534 | Orc:2    | Identified a +0 dagger
 13534 | Orc:2    | Identified a +2 robe of willpower
 13545 | Orc:2    | Identified a +0 club
 13546 | Orc:2    | Received a gift from Okawaru
 13547 | Orc:2    | Identified a +0 flail
 13547 | Orc:2    | Identified a +1 chain mail of poison resistance
 13548 | Orc:2    | Identified a +0 dagger
 13548 | Orc:2    | Identified a +0 robe
 13551 | Orc:2    | HP: 26/136 [warg (12)]
 13557 | Orc:2    | Identified a +0 short sword
 13557 | Orc:2    | Identified a +0 chain mail
 13557 | Orc:2    | HP: 23/136 [warg (14)]
 13620 | Orc:2    | Identified a +0 dagger
 13620 | Orc:2    | Identified a +0 dagger of speed
 13620 | Orc:2    | Identified a +0 ring mail
 13620 | Orc:2    | Identified a +0 dagger
 13620 | Orc:2    | Identified a +0 scale mail
 13620 | Orc:2    | Identified a +0 dagger
 13620 | Orc:2    | Identified a +0 robe
 13620 | Orc:2    | Identified a +0 giant club
 13620 | Orc:2    | Identified a +0 flail
 13620 | Orc:2    | Identified a +0 chain mail
 13621 | Orc:2    | Identified a +3 dire flail of protection
 13621 | Orc:2    | Identified a +0 chain mail
 13625 | Orc:2    | Identified a +0 dire flail
 13625 | Orc:2    | Identified a +0 ring mail
 13640 | Orc:1    | Identified a +0 troll leather armour
 13654 | Orc:2    | Identified a +2 flail of protection
 13654 | Orc:2    | Identified a +0 leather armour
 13683 | Orc:2    | Identified a +0 dagger
 13683 | Orc:2    | Identified a +0 robe
 13690 | Orc:2    | Identified a +1 vampiric falchion
 13729 | Orc:2    | Identified a +0 short sword
 13758 | Orc:2    | Found a large runed translucent door.
 13761 | Orc:2    | Found a large runed translucent door.
 13825 | Orc:2    | Identified a +0 halberd
 13825 | Orc:2    | Identified a +0 plate armour
 13858 | Orc:2    | Identified a +0 whip of venom
 13858 | Orc:2    | Identified a +0 ring mail
 13908 | Orc:2    | Identified a +0 falchion
 13909 | Orc:2    | Identified a +0 hand axe
 13909 | Orc:2    | Identified a +0 flail
 13909 | Orc:2    | Identified a +0 ring mail
 13910 | Orc:2    | Identified a +0 club
 13910 | Orc:2    | Identified a +0 short sword
 13910 | Orc:2    | Identified a +0 dagger
 13913 | Orc:2    | Identified a +0 trident
 13913 | Orc:2    | Identified a +0 club
 13913 | Orc:2    | Identified a +0 morningstar
 13917 | Orc:2    | Identified a +0 short sword
 13918 | Orc:2    | Identified a +0 trident
 13918 | Orc:2    | Identified a +0 mace
 13918 | Orc:2    | Identified a +0 chain mail
 13918 | Orc:2    | Identified a +0 war axe
 13919 | Orc:2    | Identified a +0 club
 13922 | Orc:2    | Identified a +0 flail
 13923 | Orc:2    | Identified a +0 dire flail
 13923 | Orc:2    | Identified a +0 ring mail
 13927 | Orc:2    | Identified a +0 mace
 13927 | Orc:2    | Identified a +0 leather armour
 13930 | Orc:2    | Identified a +0 mace
 13941 | Orc:2    | Reached skill level 5 in Evocations
 13948 | Orc:2    | Reached skill level 9 in Shields
 13959 | Orc:2    | Identified a +0 mace
 13967 | Orc:2    | Identified a +0 hand axe
 13968 | Orc:2    | Identified a +0 hand axe
 13970 | Orc:2    | Identified a +0 dagger
 13975 | Orc:2    | Identified a +0 flail
 13977 | Orc:2    | Identified a +0 war axe
 13978 | Orc:2    | Identified a +0 club
 13979 | Orc:2    | Identified a +0 club
 13981 | Orc:2    | Identified a +0 dagger
 13981 | Orc:2    | Identified a +0 ring mail
 13992 | Orc:2    | Reached skill level 6 in Throwing
 14009 | Orc:2    | Reached skill level 8 in Armour
 14013 | Orc:2    | Found Niom's Antique Armour Shop.
 14013 | Orc:2    | Found Tykhlue's Antique Weapon Boutique.
 14088 | Orc:2    | Identified a +0 short sword
 14088 | Orc:2    | Identified a +0 dagger
 14088 | Orc:2    | Identified a +0 robe
 14088 | Orc:2    | Identified a +0 dagger
 14088 | Orc:2    | Identified a +0 robe
 14089 | Orc:2    | Identified a +0 dagger
 14089 | Orc:2    | Identified a +0 robe of fire resistance
 14090 | Orc:2    | Found Medunedu's Antique Weapon Boutique.
 14090 | Orc:2    | Identified a +0 dagger
 14090 | Orc:2    | Identified a +0 robe
 14090 | Orc:2    | Identified a +0 dagger
 14090 | Orc:2    | Identified a +0 robe
 14090 | Orc:2    | Identified a +0 dagger
 14090 | Orc:2    | Identified a +0 robe
 14090 | Orc:2    | Identified a +0 dagger
 14090 | Orc:2    | Identified a +0 robe
 14090 | Orc:2    | Identified a +0 dagger
 14091 | Orc:2    | Identified a +1 hand axe of flaming
 14091 | Orc:2    | Identified a +0 whip
 14091 | Orc:2    | Identified a +0 chain mail
 14091 | Orc:2    | Identified a +0 falchion
 14092 | Orc:2    | Identified a +0 dagger
 14092 | Orc:2    | Identified a +0 robe
 14093 | Orc:2    | Identified a +0 trident
 14095 | Orc:2    | Identified a +0 morningstar
 14095 | Orc:2    | Identified a +0 war axe
 14095 | Orc:2    | Identified a +0 dagger
 14095 | Orc:2    | Identified a +0 robe
 14095 | Orc:2    | Identified a +0 dagger
 14095 | Orc:2    | Identified a +0 robe
 14095 | Orc:2    | Identified a +0 short sword
 14098 | Orc:2    | Identified a +0 hand axe
 14098 | Orc:2    | Identified a +2 scale mail of positive energy
 14126 | Orc:2    | Identified a +0 mace
 14170 | Orc:2    | Identified a +0 dire flail
 14170 | Orc:2    | Identified a +0 dire flail
 14179 | Orc:2    | Received a gift from Okawaru
 14323 | Orc:2    | Noticed howech's ghost (journeyman MiBe)
 14391 | Orc:2    | Identified a +0 hand axe
 14391 | Orc:2    | Identified a +0 ring mail
 14391 | Orc:2    | Identified a +0 trident of protection
 14391 | Orc:2    | Identified a +0 dire flail
 14391 | Orc:2    | Identified a +0 plate armour
 14391 | Orc:2    | Identified a +0 dagger
 14457 | Orc:2    | Identified a +0 whip
 14457 | Orc:2    | Identified a +0 orcbow
 14457 | Orc:2    | Identified a +0 club
 14457 | Orc:2    | Identified a +0 leather armour
 14458 | Orc:2    | Identified a +1 falchion of electrocution
 14458 | Orc:2    | Identified a +0 chain mail
 14459 | Orc:2    | Identified a +0 falchion
 14461 | Orc:2    | Identified a +0 whip
 14467 | Orc:2    | Identified a +0 club
 14530 | Orc:2    | Killed howech's ghost
 14533 | Orc:2    | Identified the +0 scale mail "Pimibil" {rF+ Int+3}
 14594 | Orc:2    | Identified a +0 whip
 14594 | Orc:2    | Identified a +0 leather armour
 14594 | Orc:2    | Identified a +1 flail of holy wrath
 14594 | Orc:2    | Identified a +0 club
 14594 | Orc:2    | Identified a +0 short sword
 14708 | Lair:1   | Entered Level 1 of the Lair of Beasts
 14766 | Lair:1   | Identified a +1 heavy mace
 14911 | Lair:1   | Identified 2 potions of mutation
 14919 | Lair:1   | Identified a +2 hat of intelligence
 14919 | Lair:1   | Noticed Gastronok
 14929 | Lair:1   | Killed Gastronok
 14942 | Lair:1   | Identified a +0 chain mail
 14947 | Lair:1   | Identified a +1 vampiric dagger
 14977 | Lair:1   | Identified a +0 leather armour of cold resistance
 15052 | Lair:1   | Reached XP level 15. HP: 131/145 MP: 17/17
 15497 | Lair:2   | Reached skill level 17 in Unarmed Combat
 15502 | Lair:2   | Received a gift from Okawaru
 15546 | Lair:2   | Identified 4 potions of lignification
 16128 | Lair:3   | Reached skill level 9 in Fighting
 16136 | Lair:3   | Identified 2 potions of resistance
 16197 | Lair:3   | Found a hole to the Spider Nest.
 16238 | Lair:3   | Found a staircase to the Swamp.
 16440 | Lair:3   | Identified a +0 ring mail
 16642 | Lair:4   | Identified a +0 long sword of holy wrath
 17040 | Lair:4   | Found a viscous altar of Jiyva.
 17045 | Lair:4   | Found a staircase to the Slime Pits.
 17068 | Lair:4   | Acquired the ring "Ekovoo" {rElec rF+ rC+ rCorr}
 17134 | Lair:4   | Identified a ring of poison resistance
 17148 | Lair:4   | Reached skill level 7 in Throwing
 17318 | Lair:4   | Received a gift from Okawaru
 17393 | Lair:4   | Identified a +0 ring mail
 17457 | Lair:5   | Entered Level 5 of the Lair of Beasts
 17538 | Lair:5   | Identified a +0 leather armour
 17619 | Lair:5   | HP: 36/146 [acid (3)]
 17621 | Lair:5   | Identified 4 potions of heal wounds
 17806 | Lair:5   | Received a gift from Okawaru
 17853 | Lair:5   | Reached skill level 10 in Shields
 17869 | Lair:5   | Identified 2 potions of magic
 18021 | Lair:5   | Got an earthy gem with 466 turns to spare
 18372 | Swamp:1  | Entered Level 1 of the Swamp
 18375 | Swamp:1  | Identified a +0 spear
 18376 | Swamp:1  | Identified a +0 spear
 18376 | Swamp:1  | Identified a +0 buckler
 18378 | Swamp:1  | Identified a +4 spear
 18382 | Swamp:1  | Identified a +0 short sword
 18382 | Swamp:1  | Identified a +0 robe
 18431 | Swamp:1  | Identified a +0 spear
 18432 | Swamp:1  | Identified a +0 lajatang
 18433 | Swamp:1  | Identified a +0 quarterstaff
 18433 | Swamp:1  | Identified a +0 robe
 18438 | Swamp:1  | Reached skill level 9 in Armour
 18440 | Swamp:1  | Identified a +0 dagger of speed
 18440 | Swamp:1  | Identified a +0 robe
 18440 | Swamp:1  | Identified a +0 buckler
 18633 | Swamp:1  | Identified a +0 buckler
 18633 | Swamp:1  | Identified a +0 spear
 18655 | Swamp:1  | Acquired a manual of Unarmed Combat
 18657 | Swamp:1  | Acquired a manual of Throwing
 18690 | Swamp:1  | Identified a +0 leather armour
 18855 | Swamp:1  | Identified a +0 rapier
 18901 | Swamp:1  | Reached skill level 18 in Unarmed Combat
 18946 | Swamp:1  | Identified a +0 ring mail
 19056 | Swamp:1  | Reached skill level 8 in Throwing
 19064 | Swamp:1  | Paralysed by a hornet for 3 turns
 19122 | Swamp:2  | Identified a +0 quarterstaff
 19122 | Swamp:2  | Identified a +0 robe
 19149 | Swamp:2  | Received a gift from Okawaru
 19161 | Swamp:2  | Reached XP level 16. HP: 138/157 MP: 18/18
 19162 | Swamp:2  | Identified a +0 spear
 19164 | Swamp:2  | Identified +0 swamp dragon scales
 19308 | Swamp:2  | Identified a +0 spear
 19334 | Swamp:2  | Identified a +0 spear
 19339 | Swamp:2  | Identified a +0 spear
 19339 | Swamp:2  | Identified a +0 chain mail
 19366 | Swamp:2  | Identified a +1 scimitar of draining
 19502 | Swamp:2  | Reached skill level 9 in Throwing
 19606 | Swamp:2  | Identified a +0 spear
 19730 | Swamp:3  | Identified a +0 spear
 19808 | Swamp:3  | Found the +8 longbow "Zephyr" {speed, Dex+3 SInv}
 19887 | Swamp:3  | HP: 34/155 [will-o-the-wisp/foxfire (27)]
 19888 | Swamp:3  | HP: 9/155 [will-o-the-wisp/foxfire (12)]
 20001 | Swamp:3  | Identified a potion of berserk rage
 20161 | Swamp:3  | Identified a +0 spear
 20161 | Swamp:3  | Identified a +0 buckler
 20187 | Swamp:3  | Received a gift from Okawaru
 20344 | Swamp:3  | Reached skill level 10 in Fighting
 20655 | Swamp:3  | Identified a +0 spear of flaming
 20655 | Swamp:3  | Identified a +0 spear
 20663 | Swamp:3  | Identified a +0 quarterstaff
 20663 | Swamp:3  | Identified a +0 robe
 20664 | Swamp:3  | Identified a +0 quarterstaff
 20664 | Swamp:3  | Identified a +2 robe of willpower
 20673 | Swamp:3  | Identified a +0 shortbow
 20675 | Swamp:3  | Identified a +0 quarterstaff
 20675 | Swamp:3  | Identified a +0 animal skin
 20679 | Swamp:3  | Reached skill level 10 in Throwing
 20679 | Swamp:3  | Reached skill level 19 in Unarmed Combat
 20905 | Swamp:4  | Entered Level 4 of the Swamp
 20973 | Swamp:4  | Identified +0 swamp dragon scales
 21021 | Swamp:4  | Received a gift from Okawaru
 21105 | Swamp:4  | Reached skill level 11 in Throwing
 21116 | Swamp:4  | Noticed Mlioglotl
 21130 | Swamp:4  | Noticed a tentacled starspawn
 21137 | Swamp:4  | Killed Mlioglotl
 21230 | Swamp:4  | Identified +0 swamp dragon scales
 21271 | Swamp:4  | Identified a +0 robe
 21271 | Swamp:4  | Identified a ring of protection from fire
 21295 | Swamp:4  | Identified +0 swamp dragon scales
 21386 | Swamp:4  | Got a decaying rune of Zot
 21464 | Swamp:4  | Reached skill level 11 in Shields
 21502 | Swamp:4  | Received a gift from Okawaru
 21882 | Spider:1 | Entered Level 1 of the Spider Nest
 21882 | Spider:1 | Noticed an entropy weaver
 21882 | Spider:1 | Noticed an entropy weaver
 21891 | Lair:3   | Killed an entropy weaver
 21906 | Lair:3   | Killed an entropy weaver
 21907 | Lair:3   | Reached skill level 10 in Armour
 21907 | Lair:3   | Reached XP level 17. HP: 84/167 MP: 14/19
 21977 | Spider:1 | Reached skill level 20 in Unarmed Combat
 22048 | Spider:1 | Found a runed translucent door.
 22048 | Spider:1 | Found a shimmering altar of Xom.
 22048 | Spider:1 | Noticed Minsecho's ghost (journeyman SpMo)
 22048 | Spider:1 | Identified the +5 great sword of Lideunt {chaos, rC+ Int+5}
 22142 | Spider:1 | Noticed an entropy weaver
 22161 | Spider:1 | Reached skill level 12 in Throwing
 22163 | Spider:1 | Received a gift from Okawaru
 22177 | Spider:1 | Killed an entropy weaver
 22722 | Spider:1 | Killed Minsecho's ghost
 22785 | Spider:2 | Noticed an entropy weaver
 22804 | Spider:1 | Killed an entropy weaver
 22804 | Spider:1 | Received a gift from Okawaru
 23003 | Spider:2 | Identified a +3 scimitar of electrocution
 23003 | Spider:2 | Identified a +3 chain mail of poison resistance
 23003 | Spider:2 | Identified a +0 kite shield of reflection
 23003 | Spider:2 | Noticed Donald
 23244 | Spider:2 | Identified a +0 war axe
 23244 | Spider:2 | Identified a +0 robe
 23245 | Spider:2 | Identified a +0 hand axe
 23245 | Spider:2 | Identified a +0 robe
 23246 | Spider:2 | Identified a +0 arbalest
 23246 | Spider:2 | Identified a +0 hand axe
 23246 | Spider:2 | Identified a +0 robe
 23257 | Spider:2 | Killed Donald
 23266 | Spider:2 | Received a gift from Okawaru
 23271 | Spider:2 | Reached skill level 13 in Throwing
 23367 | Spider:2 | Noticed an entropy weaver
 23382 | Spider:2 | Killed an entropy weaver
 23417 | Spider:2 | Identified a potion of haste
 23418 | Spider:2 | Identified 3 potions of invisibility
 23476 | Spider:2 | Noticed an entropy weaver
 23481 | Spider:2 | Killed an entropy weaver
 23703 | Spider:3 | Reached skill level 6 in Invocations
 23732 | Spider:3 | Reached skill level 21 in Unarmed Combat
 23807 | Spider:3 | Received a gift from Okawaru
 24068 | Spider:3 | Noticed an entropy weaver
 24076 | Spider:3 | Killed an entropy weaver
 24483 | Spider:3 | Noticed an entropy weaver
 24490 | Spider:3 | Noticed an entropy weaver
 24496 | Spider:3 | Killed an entropy weaver
 24497 | Spider:3 | Reached skill level 11 in Fighting
 24507 | Spider:3 | Reached XP level 18. HP: 170/179 MP: 18/21
 24509 | Spider:3 | Killed an entropy weaver
 24600 | Spider:3 | Identified a +0 war axe
 24600 | Spider:3 | Identified a +0 robe
 25005 | Spider:3 | Reached skill level 14 in Throwing
 25005 | Spider:3 | Reached skill level 6 in Evocations
 25028 | Spider:3 | Received a gift from Okawaru
 25086 | Spider:4 | Entered Level 4 of the Spider Nest
 25131 | Spider:4 | Noticed an entropy weaver
 25145 | Spider:4 | Killed an entropy weaver
 25249 | Spider:4 | Identified a +6 demon whip of electrocution
 25249 | Spider:4 | Identified a +0 robe
 25249 | Spider:4 | Noticed Mara
 25285 | Spider:4 | Noticed puppykicker's illusion
 25301 | Spider:3 | Noticed puppykicker's illusion
 25305 | Spider:3 | Killed Mara
 25493 | Spider:4 | Noticed an entropy weaver
 25501 | Spider:4 | Killed an entropy weaver
 25557 | Spider:4 | Identified a +0 great sword
 25593 | Spider:4 | Identified a +1 pair of boots of flying
 25621 | Spider:4 | Received a gift from Okawaru
 25929 | Spider:4 | Identified a +0 plate armour
 26034 | Spider:4 | Reached skill level 7 in Invocations
 26096 | Spider:4 | Reached skill level 12 in Shields
 26495 | Spider:4 | Received a gift from Okawaru
 26522 | Spider:4 | Reached skill level 11 in Armour
 26753 | Spider:4 | Identified an orb of light
 26758 | Spider:4 | Identified a scarf of harm
 26762 | Spider:4 | Identified a +1 pair of gloves of hurling
 26772 | Spider:4 | Identified a scarf of invisibility
 26784 | Spider:4 | Got a gossamer rune of Zot
 26788 | Spider:4 | Identified 4 potions of attraction
 27208 | Vaults:1 | Entered Level 1 of the Vaults
 27223 | Vaults:1 | Identified a +0 arbalest
 27223 | Vaults:1 | Identified a +0 arbalest
 27240 | Vaults:1 | Reached skill level 22 in Unarmed Combat
 27248 | Vaults:1 | Identified a +1 dire flail of protection
 27248 | Vaults:1 | Identified a +10 plate armour of ponderousness
 27248 | Vaults:1 | Identified a +0 arbalest
 27253 | Vaults:1 | Identified a +2 arbalest of flaming
 27253 | Vaults:1 | Identified a +0 arbalest
 27253 | Vaults:1 | Identified a +0 barding
 27292 | Vaults:1 | Found a flickering gateway to a bazaar.
 27304 | Vaults:1 | Identified the +1 ring mail "Oxkaec" {rElec rPois rF-
                  | Str+5}
 27316 | Bazaar   | Entered a bazaar
 27334 | Bazaar   | Found Cubec's Book Shop.
 27352 | Bazaar   | Found Hoikeeth's General Store.
 27352 | Bazaar   | Found Koesh's Assorted Antiques.
 27383 | Bazaar   | Found Joegoqir's Weapon Shop.
 27420 | Bazaar   | Bought a scroll of teleportation for 84 gold pieces
 27420 | Bazaar   | Bought a potion of heal wounds for 140 gold pieces
 27426 | Bazaar   | Bought a scroll of revelation for 90 gold pieces
 27467 | Vaults:1 | Identified a +0 falchion
 27467 | Vaults:1 | Identified a +0 scale mail
 27476 | Vaults:1 | Reached skill level 15 in Throwing
 27503 | Vaults:1 | Identified a +0 morningstar
 27503 | Vaults:1 | Identified a +0 scale mail
 27589 | Vaults:1 | Found a magical portal.
 27596 | WizLab   | Entered Eringya's Formal Garden
 27599 | WizLab   | Identified a +0 dagger
 27599 | WizLab   | Identified a +6 shortbow
 27599 | WizLab   | Identified a +0 leather armour
 27612 | WizLab   | Identified a +0 orcbow
 27613 | WizLab   | Identified a +0 mace
 27613 | WizLab   | Identified a +0 shortbow
 27619 | WizLab   | Received a gift from Okawaru
 27649 | WizLab   | Identified a +0 orcbow
 27665 | WizLab   | Identified a +0 arbalest
 27668 | WizLab   | Identified a +0 dire flail
 27668 | WizLab   | Identified a +0 arbalest
 27668 | WizLab   | Identified a +0 robe
 27725 | WizLab   | Identified a +0 arbalest
 27725 | WizLab   | Identified a +0 shortbow
 27727 | WizLab   | Identified a +0 spear
 27727 | WizLab   | Identified a +0 sling
 27733 | WizLab   | Identified a +0 short sword
 27733 | WizLab   | Identified a +0 shortbow
 27733 | WizLab   | Identified a +0 leather armour
 27740 | WizLab   | Identified a +0 shortbow
 27743 | WizLab   | Identified a +0 arbalest
 27749 | WizLab   | Reached XP level 19. HP: 156/188 MP: 23/23
 27754 | WizLab   | Identified a +0 orcbow
 27782 | WizLab   | Identified a +1 spectral demon blade
 27787 | WizLab   | Identified a +0 club
 27787 | WizLab   | Identified a +0 longbow
 27789 | WizLab   | Identified a +0 robe
 27790 | WizLab   | Identified a +0 quarterstaff
 27790 | WizLab   | Identified a +0 sling of freezing
 27794 | WizLab   | Identified a +0 short sword
 27794 | WizLab   | Identified a +0 longbow
 27794 | WizLab   | Identified a +0 leather armour
 27797 | WizLab   | Identified a +0 spear
 27797 | WizLab   | Identified a +0 longbow
 27802 | WizLab   | Identified a +0 club
 27802 | WizLab   | Identified a +0 sling
 27803 | WizLab   | Identified a +0 short sword
 27803 | WizLab   | Identified a +0 shortbow
 27803 | WizLab   | Identified a +0 leather armour
 27817 | WizLab   | Identified a +0 long sword
 27817 | WizLab   | Identified a +0 arbalest
 27817 | WizLab   | Identified a +0 robe
 27831 | WizLab   | Identified a +0 longbow
 27831 | WizLab   | Identified a +0 leather armour
 27841 | WizLab   | Identified a +0 longbow
 27841 | WizLab   | Identified a +0 leather armour
 27844 | WizLab   | Received a gift from Okawaru
 27858 | WizLab   | Identified a +0 robe
 27927 | WizLab   | Identified a +0 robe
 27928 | WizLab   | Paralysed by a fenstrider witch for 4 turns
 27960 | WizLab   | Identified a +0 longbow
 27960 | WizLab   | Identified a +0 leather armour
 27963 | WizLab   | Identified a +0 trident
 27963 | WizLab   | Identified a +0 shortbow
 27986 | WizLab   | Found a blossoming altar of Fedhas.
 27997 | WizLab   | Identified a +1 spectral broad axe
 28051 | WizLab   | Identified a +0 halberd
 28051 | WizLab   | Identified a +0 shortbow
 28239 | WizLab   | Identified a +0 orcbow
 28316 | Vaults:1 | Noticed an entropy weaver
 28341 | Vaults:1 | Killed an entropy weaver
 28404 | Vaults:1 | Identified a +0 dire flail
 28404 | Vaults:1 | Identified a +0 ring mail
 28405 | Vaults:1 | Identified a +0 dagger
 28405 | Vaults:1 | Identified a +0 robe
 28590 | Vaults:1 | Identified a +0 shortbow
 28591 | Vaults:1 | Identified a +0 orcbow
 28591 | Vaults:1 | Identified a +2 heavy shortbow
 28591 | Vaults:1 | Identified a +0 orcbow
 28596 | Vaults:1 | Reached skill level 12 in Fighting
 28625 | Vaults:1 | Identified a +0 ring mail
 28694 | Vaults:1 | Identified a +0 ring mail
 28694 | Vaults:1 | Identified a +0 arbalest
 28694 | Vaults:1 | Identified a +0 arbalest
 28694 | Vaults:1 | Identified a +0 arbalest
 28694 | Vaults:1 | Identified a +0 arbalest
 28722 | Vaults:1 | Identified a +0 falchion
 28722 | Vaults:1 | Identified a +0 arbalest
 28722 | Vaults:1 | Identified a +0 scale mail
 28768 | Vaults:1 | Identified a +0 arbalest
 28770 | Vaults:1 | Identified a +0 arbalest
 28770 | Vaults:1 | Identified a +3 heavy great mace
 28770 | Vaults:1 | Identified a +0 chain mail
 28771 | Vaults:1 | Identified a +0 arbalest
 28771 | Vaults:1 | Identified a +0 arbalest
 28771 | Vaults:1 | Identified a +0 arbalest
 28879 | Vaults:1 | Identified a +0 scale mail
 28879 | Vaults:1 | Identified a +0 dire flail
 28879 | Vaults:1 | Identified a +0 animal skin
 29279 | Vaults:2 | Identified a +0 great mace
 29279 | Vaults:2 | Identified a +0 ring mail
 29310 | Vaults:2 | Identified a +0 troll leather armour
 29332 | Vaults:2 | Identified a +0 dagger
 29332 | Vaults:2 | Identified a +0 robe
 29341 | Vaults:2 | Received a gift from Okawaru
 29380 | Vaults:2 | Identified a +0 chain mail
 29387 | Vaults:2 | Identified a +0 ring mail
 29405 | Vaults:2 | Identified a +0 war axe
 29405 | Vaults:2 | Identified a +0 ring mail
 29409 | Vaults:2 | Identified a +0 great mace
 29409 | Vaults:2 | Identified a +0 ring mail
 29412 | Vaults:2 | Reached skill level 16 in Throwing
 29418 | Vaults:2 | Identified a +0 orcbow
 29427 | Vaults:2 | Identified a +0 great mace
 29427 | Vaults:2 | Identified a +0 ring mail
 29427 | Vaults:2 | Identified a +0 arbalest
 29427 | Vaults:2 | Identified a +0 dagger
 29427 | Vaults:2 | Identified a +0 robe
 29433 | Vaults:2 | Identified a +0 scimitar
 29433 | Vaults:2 | Identified a +0 orcbow
 29434 | Vaults:2 | Identified a +0 morningstar
 29434 | Vaults:2 | Identified a +0 scale mail
 29434 | Vaults:2 | Identified a +5 morningstar
 29434 | Vaults:2 | Identified a +0 scale mail
 29438 | Vaults:2 | Identified a +0 arbalest
 29441 | Vaults:2 | Identified a +0 shortbow of flaming
 29442 | Vaults:2 | Identified a +0 dire flail
 29442 | Vaults:2 | Identified a +0 ring mail
 29532 | Vaults:2 | Identified a +0 long sword
 29532 | Vaults:2 | Identified a +0 arbalest
 29532 | Vaults:2 | Identified a +0 scale mail
 29537 | Vaults:2 | Identified a +0 dagger
 29537 | Vaults:2 | Identified a +0 robe
 29550 | Vaults:2 | Identified a +0 trident
 29561 | Vaults:2 | Identified a +2 heavy dire flail
 29588 | Vaults:2 | Identified a +0 dire flail
 29593 | Vaults:2 | Identified a +3 great mace of draining
 29593 | Vaults:2 | Identified a +0 chain mail
 29611 | Vaults:2 | Reached skill level 13 in Shields
 29649 | Vaults:2 | Received a gift from Okawaru
 29760 | Vaults:2 | Found a staircase to the Crypt.
 29797 | Vaults:2 | Identified a +0 scale mail
 29809 | Vaults:2 | Acquired 823 gold pieces
 29870 | Vaults:2 | Identified a +0 dire flail
 29870 | Vaults:2 | Identified a +0 animal skin
 29882 | Vaults:2 | Identified a +0 dagger
 29882 | Vaults:2 | Identified a +0 robe
 29889 | Vaults:2 | Identified a +0 dire flail
 29889 | Vaults:2 | Identified a +0 ring mail
 29893 | Vaults:2 | Identified a +0 leather armour of cold resistance
 29894 | Vaults:2 | Identified a +0 spear
 29894 | Vaults:2 | Identified a +0 robe
 29894 | Vaults:2 | Identified a +0 orcbow
 29894 | Vaults:2 | Identified a +0 shortbow
 29894 | Vaults:2 | Identified a +0 orcbow
 29900 | Vaults:2 | Identified a +0 great mace
 29900 | Vaults:2 | Identified a +0 ring mail
 29920 | Vaults:2 | Identified a +0 scale mail
 29921 | Vaults:2 | Identified a +0 dire flail
 29921 | Vaults:2 | Identified a +0 leather armour
 29923 | Vaults:2 | Identified a +0 dire flail
 29923 | Vaults:2 | Identified a +0 ring mail
 29928 | Vaults:2 | Identified a +0 long sword
 29928 | Vaults:2 | Identified a +0 arbalest
 29928 | Vaults:2 | Identified a +0 scale mail
 29936 | Vaults:2 | Identified a +0 troll leather armour
 29937 | Vaults:2 | Reached skill level 12 in Armour
 29949 | Vaults:2 | Identified a +0 troll leather armour
 29950 | Vaults:2 | Identified a +2 robe of positive energy
 29950 | Vaults:2 | Noticed Boris
 29964 | Vaults:2 | Identified a +0 leather armour
 30003 | Vaults:2 | Killed Boris
 30004 | Vaults:2 | Reached skill level 6 in Dodging
 30179 | Vaults:2 | Identified a +0 war axe
 30179 | Vaults:2 | Identified a +0 chain mail
 30179 | Vaults:2 | Identified a +0 kite shield
 30179 | Vaults:2 | Identified a +0 morningstar
 30179 | Vaults:2 | Identified a +0 leather armour
 30179 | Vaults:2 | Identified a +0 great mace
 30179 | Vaults:2 | Identified a +0 plate armour
 30199 | Vaults:2 | Reached XP level 20. HP: 121/200 MP: 24/24
 30283 | Vaults:2 | Found a runed translucent door.
 30283 | Vaults:2 | Noticed theMacoje's ghost (adept OnEn)
 30301 | Vaults:2 | Killed theMacoje's ghost
 30301 | Vaults:2 | Received a gift from Okawaru
 30305 | Vaults:2 | Identified the staff "Boxo" {^Fragile rPois rC+ Str+4 Summ
                  | Alchemy}
 30309 | Vaults:2 | Identified a +1 scale mail of poison resistance
 30422 | Vaults:2 | Identified a +1 great mace
 30422 | Vaults:2 | Identified a +0 plate armour
 30422 | Vaults:2 | Identified a +0 great sword
 30422 | Vaults:2 | Identified a +0 plate armour
 30422 | Vaults:2 | Identified a +0 broad axe
 30422 | Vaults:2 | Identified a +0 chain mail
 30422 | Vaults:2 | Identified a +0 dagger of venom
 30422 | Vaults:2 | Identified a +2 robe of positive energy
 30422 | Vaults:2 | Identified a +0 dagger
 30422 | Vaults:2 | Identified a +0 robe
 30422 | Vaults:2 | Identified a +0 halberd
 30422 | Vaults:2 | Identified a +0 chain mail
 30422 | Vaults:2 | Identified a +0 great sword
 30422 | Vaults:2 | Identified a +0 chain mail
 30422 | Vaults:2 | Identified a +0 great sword
 30422 | Vaults:2 | Identified a +0 chain mail
 30422 | Vaults:2 | Identified a +0 great mace
 30422 | Vaults:2 | Identified a +0 arbalest
 30422 | Vaults:2 | Identified a +0 chain mail
 30663 | Vaults:2 | Identified a +0 mace
 30663 | Vaults:2 | Identified a +0 ring mail
 30675 | Vaults:2 | Identified a +0 falchion
 30675 | Vaults:2 | Identified a +0 ring mail
 30678 | Vaults:2 | Identified a +0 troll leather armour
 30846 | Vaults:3 | Identified a +0 heavy flail
 30877 | Vaults:3 | Identified a +0 dire flail
 30877 | Vaults:3 | Identified a +0 animal skin
 30886 | Vaults:3 | Identified a +0 falchion
 30886 | Vaults:3 | Identified a +0 ring mail
 30886 | Vaults:3 | Identified a +0 morningstar
 30886 | Vaults:3 | Identified a +0 scale mail
 30886 | Vaults:3 | Identified a +0 flail
 30886 | Vaults:3 | Identified a +0 ring mail
 30886 | Vaults:3 | Noticed an entropy weaver
 30903 | Vaults:3 | Killed an entropy weaver
 31110 | Vaults:3 | Identified a +0 dire flail
 31110 | Vaults:3 | Identified a +0 ring mail
 31110 | Vaults:3 | Identified a +0 dagger
 31110 | Vaults:3 | Identified a +0 robe
 31110 | Vaults:3 | Identified a +0 battleaxe
 31110 | Vaults:3 | Identified a +0 plate armour
 31110 | Vaults:3 | Identified a +2 great mace of protection
 31110 | Vaults:3 | Identified a +0 plate armour
 31190 | Vaults:3 | Identified a +3 battleaxe of holy wrath
 31190 | Vaults:3 | Identified a +0 chain mail
 31191 | Vaults:3 | Identified a +2 dire flail of venom
 31191 | Vaults:3 | Identified a +0 ring mail
 31195 | Vaults:3 | Identified a +0 long sword
 31195 | Vaults:3 | Identified a +0 arbalest
 31195 | Vaults:3 | Identified a +0 plate armour
 31233 | Vaults:3 | Identified a +0 great mace of venom
 31233 | Vaults:3 | Identified a +0 arbalest
 31233 | Vaults:3 | Identified a +0 chain mail
 31233 | Vaults:3 | Identified a +0 arbalest
 31233 | Vaults:3 | Identified a +4 arbalest
 31352 | Vaults:3 | Paralysed by a formless jellyfish for 1 turns
 31390 | Vaults:3 | Identified a +0 ring mail
 31393 | Vaults:3 | Identified a +0 great mace
 31393 | Vaults:3 | Identified a +0 chain mail
 31393 | Vaults:3 | Identified a +0 dire flail
 31393 | Vaults:3 | Identified a +0 ring mail
 31394 | Vaults:3 | Identified a +0 arbalest
 31395 | Vaults:3 | Identified a +1 bardiche of venom
 31395 | Vaults:3 | Identified a +0 chain mail
 31398 | Vaults:3 | Received a gift from Okawaru
 31400 | Vaults:3 | Identified a +0 flail
 31400 | Vaults:3 | Identified a +0 ring mail
 31401 | Vaults:3 | Identified a +0 dagger
 31401 | Vaults:3 | Identified a +0 robe
 31403 | Vaults:3 | Identified a +0 great sword
 31403 | Vaults:3 | Identified a +0 arbalest
 31403 | Vaults:3 | Identified a +0 plate armour
 31406 | Vaults:3 | Reached skill level 17 in Throwing
 31437 | Vaults:3 | Identified a +0 troll leather armour
 31479 | Vaults:3 | HP: 43/201 [vault warden/+1 bardiche of venom (33)]
 31487 | Vaults:3 | HP: 50/201 [poisoned by a vault warden]
 31564 | Vaults:3 | Identified a +0 hand axe
 31592 | Vaults:3 | Identified a +0 great mace
 31592 | Vaults:3 | Identified a +0 leather armour
 31602 | Vaults:3 | Identified a +0 troll leather armour
 31618 | Vaults:3 | Identified a +0 ring mail
 31619 | Vaults:3 | Identified a +0 flail
 31619 | Vaults:3 | Identified a +0 ring mail
 31619 | Vaults:3 | Identified a +0 flail
 31619 | Vaults:3 | Identified a +0 scale mail
 31620 | Vaults:3 | Identified a +0 morningstar
 31620 | Vaults:3 | Identified a +0 ring mail
 31630 | Vaults:3 | Noticed an entropy weaver
 31641 | Vaults:3 | Identified a +0 long sword of protection
 31641 | Vaults:3 | Identified a +0 arbalest
 31641 | Vaults:3 | Identified a +0 ring mail
 31653 | Vaults:3 | Identified a +0 dire flail
 31653 | Vaults:3 | Identified a +0 animal skin
 31661 | Vaults:3 | Identified a +0 ring mail
 31661 | Vaults:3 | Killed an entropy weaver
 31674 | Vaults:3 | Identified a +1 heavy dire flail
 31674 | Vaults:3 | Identified a +0 dire flail
 31696 | Vaults:3 | Identified a +0 dagger
 31696 | Vaults:3 | Identified a +0 robe
 31705 | Vaults:3 | Identified a +0 dire flail
 31705 | Vaults:3 | Identified a +0 animal skin
 31717 | Vaults:3 | Reached skill level 7 in Dodging
 31787 | Vaults:3 | Noticed an entropy weaver
 31800 | Vaults:3 | Killed an entropy weaver
 31848 | Vaults:3 | Identified a +0 great mace
 31848 | Vaults:3 | Identified a +0 leather armour
 31848 | Vaults:3 | Identified a +0 morningstar
 31848 | Vaults:3 | Identified a +0 ring mail
 31849 | Vaults:3 | Identified a +0 flail
 31849 | Vaults:3 | Identified a +0 leather armour
 31856 | Vaults:3 | Identified a +0 troll leather armour
 31869 | Vaults:3 | Identified a +0 troll leather armour
 31876 | Vaults:3 | Identified a +0 troll leather armour
 31888 | Vaults:3 | Identified a +0 troll leather armour
 31889 | Vaults:3 | Reached skill level 13 in Fighting
 31967 | Vaults:3 | Identified a +0 morningstar
 31967 | Vaults:3 | Identified a +0 ring mail
 31968 | Vaults:3 | Identified a +0 morningstar
 31968 | Vaults:3 | Identified a +0 scale mail
 32000 | Vaults:3 | Identified a +1 hand axe of flaming
 32209 | Vaults:3 | Identified a +0 morningstar
 32209 | Vaults:3 | Identified a +0 scale mail
 32284 | Vaults:4 | Identified a +0 war axe
 32284 | Vaults:4 | Identified a +0 ring mail
 32298 | Vaults:4 | Identified a +0 morningstar
 32298 | Vaults:4 | Identified a +0 leather armour
 32298 | Vaults:4 | Identified a +0 war axe
 32298 | Vaults:4 | Identified a +4 plate armour
 32298 | Vaults:4 | Identified a +0 battleaxe
 32298 | Vaults:4 | Identified a +0 chain mail
 32299 | Vaults:4 | Identified a +0 dagger
 32299 | Vaults:4 | Identified a +0 robe
 32301 | Vaults:4 | Identified a +0 flail
 32301 | Vaults:4 | Identified a +0 leather armour
 32301 | Vaults:4 | Identified a +0 war axe
 32301 | Vaults:4 | Identified a +0 chain mail
 32301 | Vaults:4 | Identified a +0 kite shield
 32316 | Vaults:4 | Identified a +0 battleaxe
 32316 | Vaults:4 | Identified a +0 plate armour
 32320 | Vaults:4 | Identified a +0 scale mail
 32321 | Vaults:4 | Identified a +0 great mace
 32321 | Vaults:4 | Identified a +0 chain mail
 32321 | Vaults:4 | Identified a +0 war axe
 32321 | Vaults:4 | Identified a +0 plate armour
 32326 | Vaults:4 | Identified a +0 war axe
 32326 | Vaults:4 | Identified a +0 ring mail
 32344 | Vaults:4 | Received a gift from Okawaru
 32405 | Vaults:4 | Identified a +0 morningstar
 32405 | Vaults:4 | Identified a +0 ring mail
 32521 | Vaults:4 | Identified a +0 long sword
 32690 | Vaults:4 | Identified a +0 long sword
 32690 | Vaults:4 | Identified a +0 scale mail
 32691 | Vaults:4 | Identified a +0 war axe
 32691 | Vaults:4 | Identified a +0 arbalest
 32691 | Vaults:4 | Identified a +0 ring mail
 32691 | Vaults:4 | Identified a +0 great mace
 32691 | Vaults:4 | Identified a +0 ring mail
 32702 | Vaults:4 | Identified a +1 vampiric war axe
 32702 | Vaults:4 | Identified a +3 ring mail of cold resistance
 32702 | Vaults:4 | Identified a +0 buckler
 32704 | Vaults:4 | Identified a +0 great mace
 32704 | Vaults:4 | Identified a +0 scale mail
 32715 | Vaults:4 | Identified a +0 dire flail
 32715 | Vaults:4 | Identified a +0 animal skin
 32729 | Vaults:4 | Identified a +0 flail of holy wrath
 32729 | Vaults:4 | Identified a +0 leather armour
 32739 | Vaults:4 | Identified a +0 arbalest
 32745 | Vaults:4 | Identified a +0 battleaxe
 32745 | Vaults:4 | Identified a +0 chain mail
 32752 | Vaults:4 | Identified a +2 morningstar of holy wrath
 32752 | Vaults:4 | Identified a +0 arbalest
 32752 | Vaults:4 | Identified a +0 scale mail
 32791 | Vaults:4 | Identified a +0 mace
 32791 | Vaults:4 | Identified a +0 ring mail
 32792 | Vaults:4 | Identified a +0 battleaxe
 32792 | Vaults:4 | Identified a +0 plate armour
 32793 | Vaults:4 | Identified a +0 war axe
 32793 | Vaults:4 | Identified a +0 plate armour
 32796 | Vaults:4 | Identified a +2 heavy dire flail
 32796 | Vaults:4 | Identified a +0 plate armour
 32798 | Vaults:4 | Identified a +0 great sword
 32798 | Vaults:4 | Identified a +0 chain mail
 32799 | Vaults:4 | Identified a +0 long sword
 32799 | Vaults:4 | Identified a +0 plate armour
 32799 | Vaults:4 | Identified a +0 kite shield
 32800 | Vaults:4 | Identified a +0 mace
 32800 | Vaults:4 | Identified a +0 ring mail
 32825 | Vaults:4 | Reached XP level 21. HP: 175/210 MP: 25/25
 32829 | Vaults:4 | Reached skill level 14 in Shields
 32832 | Vaults:4 | Received a gift from Okawaru
 33103 | Vaults:4 | Identified a +0 flail
 33103 | Vaults:4 | Identified a +0 scale mail
 33187 | Vaults:4 | Identified a +0 flail
 33187 | Vaults:4 | Identified a +0 leather armour
 33206 | Vaults:4 | Identified a +0 troll leather armour
 33212 | Vaults:4 | Identified a +0 troll leather armour
 33220 | Vaults:4 | Identified a +1 broad axe of freezing
 33304 | Vaults:4 | Identified a +1 arbalest of freezing
 33305 | Vaults:4 | Noticed Bobbunny's ghost (veteran FoFi)
 33305 | Vaults:4 | Identified a +0 arbalest
 33306 | Vaults:4 | Found a transporter.
 33306 | Vaults:4 | Identified a +0 battleaxe
 33306 | Vaults:4 | Identified a +0 chain mail
 33309 | Vaults:4 | Identified a +0 great mace
 33309 | Vaults:4 | Identified a +0 leather armour
 33320 | Vaults:4 | Identified a +0 dire flail
 33320 | Vaults:4 | Identified a +0 animal skin
 33320 | Vaults:4 | Identified a +1 dagger of freezing
 33320 | Vaults:4 | Identified a +0 robe
 33322 | Vaults:4 | Identified a +0 short sword
 33322 | Vaults:4 | Identified a +0 leather armour
 33322 | Vaults:4 | Noticed a deep elf demonologist
 33338 | Vaults:4 | Identified a +0 orcbow
 33441 | Vaults:4 | Identified a +0 dire flail
 33441 | Vaults:4 | Identified a +0 ring mail
 33489 | Vaults:4 | Identified a +1 arbalest of freezing
 33489 | Vaults:4 | Identified a +0 arbalest
 33489 | Vaults:4 | Identified a +0 arbalest
 33489 | Vaults:4 | Identified a +0 arbalest
 33489 | Vaults:4 | Identified a +0 arbalest
 33518 | Vaults:4 | Identified a +2 dagger of speed
 33518 | Vaults:4 | Identified the ring of Oseemik {rPois Dex-3 SInv Stlth+}
 33532 | Vaults:4 | Found a transporter.
 33533 | Vaults:4 | Identified a +0 scale mail
 33844 | Slime:1  | Entered Level 1 of the Pits of Slime
 33936 | Slime:1  | Reached skill level 18 in Throwing
 33944 | Slime:1  | Reached skill level 13 in Armour
 34149 | Slime:1  | Paralysed by a formless jellyfish for 1 turns
 34663 | Slime:2  | Gained mutation: You are dopey. (Int -2) [a shining eye]
 34997 | Slime:3  | Reached skill level 8 in Dodging
 35043 | Slime:3  | Received a gift from Okawaru
 35892 | Slime:5  | Entered Level 5 of the Pits of Slime
 36027 | Slime:5  | Lost mutation: You are dopey. (Int -2) [a shining eye]
 36040 | Slime:5  | Noticed the Royal Jelly
 36220 | Slime:5  | Received a gift from Okawaru
 36347 | Slime:5  | Learned a level 1 spell: Apportation
 36863 | Slime:5  | Paralysed by a formless jellyfish for 1 turns
 36867 | Slime:5  | Paralysed by a formless jellyfish for 1 turns
 37131 | Arena    | Entered the Arena
 37135 | Arena    | Killed the Royal Jelly
 37136 | Arena    | Reached skill level 19 in Throwing
 37136 | Arena    | HP: 51/213 [rockslime (8)]
 37137 | Arena    | HP: 19/213 [rockslime[the Royal Jelly] (34)]
 37138 | Arena    | Demolished by a rockslime

Table legend: (Time is in decaauts)
 A = Elapsed time spent in this place.
 B = Non-inter-level travel time spent in this place.
 C = Inter-level travel time spent in this place.
 D = Time resting spent in this place.
 E = Time spent auto-exploring this place.
 F = Levels seen in this place.
 G = Mean time per level.
                   A        B        C        D        E       F      G
               +--------+--------+--------+--------+--------+-----+--------+
         Total |  36441 |  33849 |   2592 |   4101 |  19036 |  44 |  828.2 |
       Dungeon |  12934 |  11992 |    942 |   1186 |   7645 |  15 |  862.3 |
        Temple |      1 |      1 |      0 |      0 |      0 |   1 |    1.0 |
          Lair |   3843 |   3536 |    307 |    111 |   2591 |   5 |  768.6 |
         Swamp |   3605 |   3430 |    175 |    398 |   1944 |   4 |  901.2 |
   Spider Nest |   4847 |   4486 |    361 |   1178 |   1659 |   4 | 1211.8 |
    Slime Pits |   3135 |   2804 |    331 |    695 |   1016 |   5 |  627.0 |
  Orcish Mines |   1360 |   1285 |     75 |     89 |    691 |   2 |  680.0 |
        Vaults |   5273 |   4876 |    397 |    392 |   2617 |   4 | 1318.2 |
        Bazaar |    136 |    136 |      0 |      0 |     78 |   1 |  136.0 |
         Sewer |    579 |    579 |      0 |      6 |    348 |   1 |  579.0 |
        Wizlab |    719 |    719 |      0 |     45 |    446 |   1 |  719.0 |
         Arena |      5 |      5 |      0 |      0 |      0 |   1 |    5.0 |
               +--------+--------+--------+--------+--------+-----+--------+

Top non-repeatable levels by time:
Spider:4: 1706 daAuts
Spider:3: 1493 daAuts
Vaults:3: 1409 daAuts
Vaults:2: 1354 daAuts
Vaults:4: 1301 daAuts
Vaults:1: 1208 daAuts
    D:15: 1173 daAuts
    D:13: 1155 daAuts
 Swamp:3: 1116 daAuts
    D:14: 1104 daAuts
Spider:1: 1071 daAuts
    D:12: 1050 daAuts
   Orc:2: 1009 daAuts
 Swamp:4: 988 daAuts
     D:8: 949 daAuts

Table legend:
 A = Kills in this place as a percentage of kills in the entire game.
 B = Kills by you in this place as a percentage of kills by you in the entire game.
 C = Kills by friends in this place as a percentage of kills by friends in the entire game.
 D = Other kills in this place as a percentage of other kills in the entire game.
 E = Experience gained in this place as a percentage of experience gained in the entire game.
 F = Experience gained in this place divided by the number of levels of this place that you have seen.
                   A       B       C       D       E      F
               +-------+-------+-------+-------+-------+----------------------
         Total | 100.0 | 100.0 |   N/A | 100.0 | 100.0 | 15927.3
       Dungeon |  23.4 |  23.5 |   N/A |   0.0 |  11.3 | 5292.3
          Lair |  10.4 |  10.4 |   N/A |   0.0 |   6.5 | 9088.6
         Swamp |   9.5 |   9.3 |   N/A |  80.0 |  10.7 | 18718.0
   Spider Nest |  18.3 |  18.4 |   N/A |   0.0 |  20.0 | 35097.2
    Slime Pits |   9.1 |   9.1 |   N/A |   0.0 |  13.1 | 18351.4
  Orcish Mines |   7.0 |   7.0 |   N/A |   0.0 |   2.3 | 8203.5
        Vaults |  18.5 |  18.5 |   N/A |  20.0 |  30.0 | 52561.2
         Sewer |   1.0 |   1.0 |   N/A |   0.0 |   0.1 | 688.0
        Wizlab |   2.7 |   2.7 |   N/A |   0.0 |   4.9 | 34208.0
         Arena |   0.1 |   0.1 |   N/A |   0.0 |   1.1 | 7407.0
               +-------+-------+-------+-------+-------+----------------------

Skill      XL: |  1  2  3  4  5  6  7  8  9 10 11 12 13 14 15 16 17 18 19 20 21 |
---------------+----------------------------------------------------------------+-----
Unarmed Combat | 3 5 6 7 9 11 12 14 15 16 18 19 21 22 | 22.0
Armour         | 1 3 4 5 6 7 8 9 10 11 12 13 | 13.6
Shields        | 3 4 5 6 7 8 9 10 11 12 13 14 | 14.8
Fighting       | 4 6 7 8 9 10 11 12 13 | 13.9
Dodging        | 3 4 5 6 7 8 |  8.0
Stealth        | 2 |  2.0
Ranged Weapons | 2 |  2.0
Invocations    | 1 3 5 6 7 |  7.0
Evocations     | 1 2 4 5 6 |  6.0
Throwing       | 3 4 6 8 11 13 15 16 17 19 | 19.0

Action                     |  1- 3 |  4- 6 |  7- 9 | 10-12 | 13-15 | 16-18 | 19-21 || total
---------------------------+-------+-------+-------+-------+-------+-------+-------++-------
  Melee: Unarmed           |    65 |    97 |   269 |   628 |  1352 |  1375 |  1590 ||  5376
   Fire: Sling             |       |       |       |     3 |       |       |       ||     3
         Hand cannon       |       |       |       |       |     9 |       |       ||     9
  Throw: Dart              |       |       |     2 |       |       |       |       ||     2
         Large rock        |       |       |       |       |    95 |   212 |    98 ||   405
   Cast: Apportation       |       |       |       |       |       |       |    10 ||    10
 Invoke: Heroism           |       |       |       |       |     8 |    13 |    16 ||    37
         Receive Weapon    |       |       |       |       |     1 |       |       ||     1
         Receive Armour    |       |       |       |       |     1 |       |       ||     1
         Finesse           |       |       |       |       |       |     3 |     6 ||     9
         Duel              |       |       |       |       |       |       |     1 ||     1
  Evoke: Wand              |       |       |       |     3 |    13 |       |     9 ||    25
         Lightning rod     |       |       |       |       |     2 |     3 |       ||     5
    Use: Scroll            |       |       |       |    15 |    27 |    14 |    12 ||    68
         Potion            |       |       |       |     1 |     7 |     2 |    14 ||    24
   Stab: Distracted        |       |     1 |       |       |       |       |       ||     1
         Sleeping          |       |       |     1 |       |       |       |       ||     1
         Confused          |       |       |       |       |       |       |     2 ||     2
 Armour: Robe              |    36 |    42 |   117 |    97 |       |       |       ||   292
         Steam dragon scal |       |       |       |    52 |       |       |       ||    52
         Acid dragon scale |       |       |       |   150 |   658 |   113 |       ||   921
         Skin              |       |       |       |       |     9 |       |    12 ||    21
         Swamp dragon scal |       |       |       |       |       |  1045 |   821 ||  1866
  Dodge: Dodged            |    21 |    24 |    67 |   148 |   446 |   658 |   410 ||  1774
  Block: Kite shield       |    15 |    31 |    73 |       |       |       |       ||   119
         Tower shield      |       |       |    15 |   635 |  1510 |  2167 |  1662 ||  5989
         Reflection        |       |       |       |    21 |    26 |    49 |    84 ||   180
         Other             |       |       |       |       |     1 |       |       ||     1

Vanquished Creatures
  the Royal Jelly (Arena)
  Mara (Spider:3)
  Boris (Vaults:2)
  The ghost of theMacoje the Slayer, an adept OnEn of Okawaru (Vaults:2)
  Mlioglotl (Swamp:4)
  3 deep elf master archers (WizLab)
  3 sphinxes
  20 acid blobs
  Gastronok (Lair:1)
  An ancient champion (Vaults:2)
  Kirke (D:13)
  A thorn hunter (WizLab)
  Donald (Spider:2)
  4 fenstrider witches
  3 azure jellies
  A tengu reaver (Vaults:4)
  10 rockslimes
  13 vault wardens
  6 emperor scorpions
  8 ghost moths
  2 orc warlords (Vaults:2)
  Louise (D:15)
  9 quicksilver oozes
  8 formless jellyfish
  21 ironbound preservers
  A broodmother (Spider:1)
  3 very ugly things
  The ghost of howech the Cleaver, a journeyman MiBe of Trog (Orc:2)
  6 ironbound thunderhulks
  4 eleionomae
  A war gargoyle (Vaults:3)
  The ghost of Qunti the Severer, a journeyman DsBe of Trog (D:14)
  13 dire elephants
  A deep elf annihilator (Vaults:4)
  4 bunyips
  4 spark wasps
  The ghost of Minsecho the Thaumaturge, a journeyman SpMo of Wu Jian (Spider:1)
  2 ettins
  15 entropy weavers
  6 shambling mangroves
  Josephine (D:15)
  4 yaktaur captains
  A fire dragon (D:15)
  8 great orbs of eyes
  A peacekeeper (Vaults:4)
  15 vault guards
  A quicksilver dragon skeleton (Vaults:2)
  20 hydras
  An ice dragon (D:14)
  2 catoblepae
  6 alligators
  An ogre mage (Vaults:2)
  4 radroaches
  3 jorogumos
  Erica (D:8)
  2 ghost crabs (Swamp:3)
  8 ironbound frosthearts
  9 boulder beetles
  22 centaur warriors
  2 satyrs (WizLab)
  3 two-headed ogres
  23 demonic crawlers
  A spriggan berserker (Swamp:3)
  A dancing weapon (Spider:1)
  15 spriggans
  5 naga sharpshooters (WizLab)
  7 orc high priests
  A deep elf knight (Swamp:3)
  2 skysharks (Lair:5)
  Amaemon (D:8)
  7 skeletal warriors
  6 pharaoh ants
  4 spriggan druids
  6 goliath frogs
  2 glowing orange brains (Slime:4)
  10 swamp dragons
  47 deep trolls
  14 orb spiders
  A lindwurm (shapeshifter) (D:14)
  7 arcanists
  An orange crystal statue (Spider:3)
  12 bog bodies
  4 deep elf archers (WizLab)
  16 ironbound convokers
  4 harpies (Vaults:1)
  8 steelbarb worms
  5 orc knights
  A sun moth (Spider:1)
  2 necromancers
  A lindwurm (Lair:5)
  27 ugly things
  30 wolf spiders
  2 manticores
  A manticore (shapeshifter) (Vaults:3)
  6 shining eyes
  3 deep elf pyromancers
  7 orc sorcerers
  7 moths of wrath
  3 oklob plants (WizLab)
  3 fauns (WizLab)
  5 cyclopes
  3 will-o-the-wisps
  3 meliai (Spider:2)
  6 elephants (Lair:5)
  An iron dragon skeleton (Vaults:2)
  16 vault sentinels
  Joseph (D:8)
  A fire giant skeleton (Vaults:2)
  4 kobold blastminers
  4 black mambas
  A stone giant skeleton (Vaults:2)
  4 eyes of devastation
  An orange demon (D:8)
  7 torpor snails
  A frost giant skeleton (Vaults:2)
  2 unseen horrors (D:12)
  16 cane toads
  A kobold demonologist (D:10)
  2 gargoyles (D:14)
  Jeremiah (D:8)
  3 rime drakes
  20 yaktaurs
  A tengu conjurer (D:15)
  An efreet (D:15)
  9 trolls
  6 komodo dragons
  2 freezing wraiths
  4 human skeletons (Vaults:2)
  An ice devil (D:14)
  25 hornets
  A wind drake (shapeshifter) (D:14)
  3 polar bears
  20 tarantellas
  12 tyrant leeches
  2 glass eyes
  17 blink frogs
  Grinder (D:4)
  A jumping spider (shapeshifter) (D:15)
  108 slime creatures
  A deep troll skeleton (Vaults:2)
  39 jumping spiders
  An ettin skeleton (Vaults:2)
  Sigmund (D:2)
  3 shadows
  25 culicivoras
  2 vampires
  A water elemental (D:12)
  5 wyverns
  9 wraiths
  4 golden eyes (Slime:5)
  5 humans (D:14)
  66 yaks
  3 basilisks
  A hog (D:14)
  A human (shapeshifter) (D:15)
  10 wargs
  67 redbacks
  A steam dragon (D:9)
  24 vampire mosquitoes
  A redback simulacrum (D:14)
  A naga (shapeshifter) (D:11)
  15 swamp worms
  3 acid dragons
  18 water moccasins
  Duvessa (D:6)
  A swamp worm (shapeshifter) (D:15)
  9 orc warriors
  An ogre skeleton (Vaults:2)
  9 swamp drakes
  3 sky beasts
  6 ice beasts
  3 black bears
  A crocodile (Sewer)
  2 laughing skulls (D:15)
  4 ogres (Orc:1)
  7 wolves
  3 boggarts (Vaults:1)
  15 centaurs
  5 kobold brigands
  A brain worm (Sewer)
  24 bullfrogs
  5 scorpions
  A gnoll sergeant (D:10)
  9 wights
  Dowan (D:6)
  14 killer bees
  3 howler monkeys
  2 electric eels
  3 hounds
  Crazy Yiuf (D:3)
  2 bombardier beetles
  20 orc priests
  4 jellies
  3 iguanas
  4 sleepcaps
  Natasha (D:4)
  13 orc wizards
  6 centaur simulacra
  A boggart simulacrum (D:14)
  8 gnolls
  10 adders
  3 river rats (Sewer)
  3 white imps (D:9)
  2 howler monkey simulacra (D:9)
  4 ufetubi
  2 dart slugs
  2 ribbon worms
  60 orcs
  5 ball pythons
  16 endoplasms
  5 giant cockroaches
  4 goblins
  6 hobgoblins
  A jackal (Sewer)
  6 quokkas
  4 bats
  4 frilled lizards
  10 kobolds
  4 rats
  A spectral orc (D:5)
1575 creatures vanquished.

Vanquished Creatures (others)
  An ironbound preserver (Vaults:2)
  A hydra (Swamp:3)
  2 hornets
  A spriggan (Swamp:2)
  An orc priest (Orc:2)
  An orc wizard (Orc:2)
  2 ufetubi (D:5)
  13 foxfires
22 creatures vanquished.

Grand Total: 1597 creatures vanquished
